Workbook
Name AMortisationPeriod_Years: Parameters!$B$17
Name BESS_MW: Parameters!$B$21
Name CapCreditsMultiplier_Flex: Parameters!$C$81
Name CapCreditsMultiplier_Peak: Parameters!$C$80
Name CashCycle_Days: Parameters!$B$50
Name ConfigParamsTable: Parameters!$C$56:$AC$96
Name ConfigRow_DBNGPTariff_MillionsPerYear: Parameters!$C$78
Name ConfigRow_ElecConnCost_Millions: Parameters!$C$73
Name ConfigRow_GasBara: Parameters!$C$64
Name ConfigRow_GAsConnCost_Millions: Parameters!$C$74
Name ConfigRow_IASRSelection: Parameters!$C$57
Name ConfigRow_LandAreaHa: Parameters!$C$71
Name ConfigRow_LocalisationFactor: Parameters!$C$68
Name ConfigRow_NetHR: Parameters!$C$63
Name ConfigRow_NetMW: Parameters!$C$61
Name ConfigRow_NumberOfConnections: Parameters!$C$70
Name ConfigRow_TUOSTotal_Millions: Parameters!$C$87
Name ConfigRow_WaterConnCost_Millions: Parameters!$C$75
Name ConfigRow_WC_MillionsPerYear: Parameters!$C$95
Name CorporateOVerhead_DollarsPerYear: Parameters!$B$42
Name CPI_fcst_Table: CPI_FX!$S$14:$U$22
Name CPI_Hist_Ref_Date: Parameters!$B$11
Name CPI_Historic_table: CPI_FX!$F$24:$G$442
Name CPIIndex_BRCPDate: Parameters!$B$14
Name CPIIndex_CurrDate: Parameters!$B$13
Name CPIIndex_RefDate: Parameters!$B$12
Name Date_BRCP: Parameters!$B$5
Name Date_Current: Parameters!$B$4
Name DistilateCost_DollarsPerGJ: Distillate!$J$11
Name ElectricalConnectionSelectionList: WP!$C$5:$C$6
Name ElectricalCOnnectonsCostTable: WP!$C$5:$D$6
Name FilePath: TFlow33!#REF!
Name FilePath: [1]Transfer!#REF!
Name FixedCapitalCharge_DollarsPerMW: Parameters!$B$25
Name FOMFactor_ElecConn: Parameters!$B$32
Name FOMFactor_GasConn: Parameters!$B$33
Name FuelStored_Distillate_Hours: Parameters!$B$49
Name FuelStored_GAs_Hours: Parameters!$B$48
Name FX_Date: Parameters!$B$8
Name Fx_Rate: Parameters!$B$9
Name fx_table: CPI_FX!$A$24:$B$918
Name Gas_DBNGPTariff_DollarsPerGJPerDay: Gas!$B$74
Name GasConn_CapexColumn: Gas!$T$37
Name GasConn_CostRefDate: Gas!$C$4
Name GasConn_MDQColumn: Gas!$K$37
Name GasConn_SkinnyLateral_RefPressureMPA: Gas!$B$54
Name GasConn_SkinnyLateralVelocity: Gas!$B$53
Name GasConn_Table: Gas!$A$40:$U$66
Name GasConns_PipelineDistance: Gas!$C$19
Name GasCost_DollarsPerGJ: Gas!$B$82
Name IASR_BESS6_RefCapex: IASR!$M$21
Name IASR_BESS7_RefCapex: IASR!$M$22
Name IASR_BESS8_RefCapex: IASR!$M$23
Name IASR_FOMTable_DollarPerkWPerY: IASR!$A$38:$B$47
Name IASR_InstallationPercentTable: IASR!$A$78:$H$87
Name IASR_VOMTable_DollarsPerMWh: IASR!$A$60:$B$69
Name IASRSelectionList: IASR!$A$15:$A$24
Name IncludeFixedCappitalContributionCHarge: Parameters!$B$24
Name InsuranceAdjustment_PercentPerYear: Parameters!$B$43
Name LandCost_DollarsPerHa: Parameters!$B$28

Sheet Title
A18: This workbook has been developed for the purposes of assessing the least fixed cost candidate configuration for the draft determination of the 2026 Benchmark Technology.
A20: It is not for use for any other purpose and is not to be relied upon by any party besides EPWA for the use of its intended purpose above.

Sheet Parameters
A1: Parameters
A4: Current date | B4: 46203
A5: BRCP date | B5: 47299 | F5: Date the plant is assumed to be built by. BRCP costs expressed in these dollars
A8: Fx date | B8: 45838 | F8: GHD, CSIRO and IASR values are $2025
A9: Fx rate | B9: =VLOOKUP(FX_Date,fx_table,2) -> 0.655
A11: Ref date for technology costs | B11: =FX_Date -> 45838 | F11: Same as fx date
A12: CPI index at Ref date | B12: =VLOOKUP(CPI_Hist_Ref_Date,CPI_Historic_table,2) -> 98.43
A13: CPI index at current date | B13: =VLOOKUP(Date_Current,CPI_Historic_table,2) -> 101.7
A14: CPI index at BRCP date | B14: =VLOOKUP(Date_BRCP,CPI_fcst_Table,3) -> 111.38681
A16: WACC | B16: 0.1085 | F16: ERA: 2026-brcp-final-determination-calculation-spreadsheet
A17: Amortisation period | B17: 15 | F17: ERA: 2026-brcp-final-determination-calculation-spreadsheet
A18: Tilt factor | B18: 1
A20: Owner's cost allowances for thermal plant | B20: 0.12 | F20: GHD for AEMO. Note incl land as well as owners and development costs but this is ignored as small and not dissected
A21: Notional BESS size | B21: 200 | C21: MW net | F21: Used to convert $/kW and $/kW/y parameters (from IASR) into $
A23: Pre-FID development cost | B23: 20 | C23: $M | F23: Nominal allowance. Same for all configurations
A24: Include Fixed Capital charge? | B24: TRUE | F24: EPWA to include or exclude
A25: Fixed Capital charge value | B25: 100000 | C25: $/MW | F25: https://www.wa.gov.au/organisation/energy-policy-wa/fixed-capital-contribution-consultation
A27: Site location | B27: Average
A28: Land cost | B28: =VLOOKUP(SiteLocation,LandgateTable,3,FALSE) -> 536250 | C28: $/Ha | F28: Refer land tab
A29: Proportion of installation cost that is labour | B29: 0.3 | F29: See TFlow33 sheet for guidance
A31: Fixed maintenance factors (% of capex)
A32: - Electricity connection | B32: 0.005 | F32: Jacobs
A33: - Gas connection | B33: 0.0025 | F33: Jacobs
A35: TUOS charge parameters: | F35: Refer WP sheet
A36: - Use of system | B36: =TUOS_centsPerkWperDay -> 2.147 | C36: c/kW/day
A37: - Control system service price | B37: =TUOS_ControlSystemServei_centsPerkWPerDay -> 0.305 | C37: c/kW/day
A38: - Metering charge | B38: =TUOS_Metering_centsPerMeterPerDay -> 1211.979 | C38: c/meter/day
A40: DBNGP tariff | B40: =Gas_DBNGPTariff_DollarsPerGJPerDay -> 1.818828 | C40: $/GJ/day | F40: Refer Gas sheet
A42: Corporate overhead and consulting costs | B42: 1312875 | C42: $/y | F42: GHD report 2028/29 Table 20
A43: Insurance adjustment | B43: 0.003 | C43: of capex/year (excl extras which are offsite or N/A) | F43: Added by Jacobs as we were not satisfied was in the IASR amounts adequately (referencing source GHD etc reports)
A44: Site security | B44: 168480 | C44: $/y | F44: GHD report 2028/29 Table 21
A45: Rates | B45: 221986 | C45: $ per 7.3 Ha | F45: GHD report 2028/29 Table 22
B46: =B45/7.3 -> 30409.041 | C46: $/Ha
A48: Fuel stored - Gas Only case | B48: 14 | C48: Hours
A49: Fuel stored - DF case | B49: =1.5*24 -> 36 | C49: Hours | F49: 1.5 days when distillate is the RCP fuel, allows for order lag, leaving some in tank etc
A50: Cash cycle for WC calc | B50: 45 | C50: Days | F50: Assumption
A52: Selected technical parameters:
A53: Configuration | G53: SCGT | H53: SCGT | I53: SCGT | J53: SCGT | K53: SCGT | L53: SCGT | M53: SCGT | N53: SCGT | O53: SCGT | P53: SCGT | Q53: SCGT | R53: SCGT | S53: CCGT | T53: CCGT | U53: CCGT | V53: CCGT | W53: RECIP | X53: RECIP | Y53: RECIP | Z53: RECIP | AA53: BESS | AB53: BESS | AC53: BESS
G54: GT13E2 | H54: GT13E2 | I54: SGT5-2000E | J54: SGT5-2000E | K54: 1x9FA | L54: 1x9FA | M54: LM2500 | N54: LM2500 | O54: LM6000 | P54: LM6000 | Q54: LMS100 | R54: LMS100 | S54: 9FA | T54: 9FA | U54: GT13E2 | V54: GT13E2 | W54: Jenbacher | X54: Jenbacher | Y54: Wartsila | Z54: Wartsila | AA54: 6hr | AB54: 7hr | AC54: 8hr
C55: Row | G55: DF | H55: GasOnly | I55: DF | J55: GasOnly | K55: DF | L55: GasOnly | M55: GasOnly | N55: DF | O55: DF | P55: GasOnly | Q55: DF | R55: GasOnly | S55: DF | T55: GasOnly | U55: DF | V55: GasOnly | W55: DF | X55: GasOnly | Y55: DF | Z55: GasOnly
A56: Tag | C56: =ROW()-ROW(A$56)+1 -> 1 | G56: =G53&"_"&G54&IF(G55<>"","_"&G55,"") -> SCGT _GT13E2 _DF | H56: =H53&"_"&H54&IF(H55<>"","_"&H55,"") -> SCGT _GT13E2 _GasOnly | I56: =I53&"_"&I54&IF(I55<>"","_"&I55,"") -> SCGT _SGT5-2000E _DF | J56: =J53&"_"&J54&IF(J55<>"","_"&J55,"") -> SCGT _SGT5-2000E _GasOnly | K56: =K53&"_"&K54&IF(K55<>"","_"&K55,"") -> SCGT _1x9FA _DF | L56: =L53&"_"&L54&IF(L55<>"","_"&L55,"") -> SCGT _1x9FA _GasOnly | M56: =M53&"_"&M54&IF(M55<>"","_"&M55,"") -> SCGT _LM2500 _GasOnly | N56: =N53&"_"&N54&IF(N55<>"","_"&N55,"") -> SCGT _LM2500 _DF | ... AC56: =AC53&"_"&AC54&IF(AC55<>"","_"&AC55,"") -> BESS_8hr
A57: IASR selection | C57: =ROW()-ROW(A$56)+1 -> 2 | G57: OCGT (large GT) | H57: OCGT (large GT) | I57: OCGT (large GT) | J57: OCGT (large GT) | K57: OCGT (large GT) | L57: OCGT (large GT) | M57: OCGT (small GT) | N57: OCGT (small GT) | O57: OCGT (small GT) | P57: OCGT (small GT) | Q57: OCGT (small GT) | R57: OCGT (small GT) | S57: OCGT (large GT) | T57: CCGT | U57: CCGT | V57: CCGT | W57: Gas recip | X57: Gas recip | Y57: Gas recip | Z57: Gas recip | AA57: Battery storage (6hrs storage) | AB57: Battery storage (7hrs storage) | AC57: Battery storage (8hrs storage)
C58: =ROW()-ROW(A$56)+1 -> 3
C59: =ROW()-ROW(A$56)+1 -> 4
A60: Configuration Gross MW (clean-as-new) | C60: =ROW()-ROW(A$56)+1 -> 5
A61: Configuration Nnet MW (clean-as-new) | C61: =ROW()-ROW(A$56)+1 -> 6 | G61: =TFlow33!G26 -> 341.18866 | H61: =TFlow33!H26 -> 341.18866 | I61: =TFlow33!I26 -> 347.77304 | J61: =TFlow33!J26 -> 347.77304 | K61: =TFlow33!K26 -> 258.24078 | L61: =TFlow33!L26 -> 258.3028 | M61: =TFlow33!M26 -> 380.22583 | N61: =TFlow33!N26 -> 380.22583 | ... Z61: =TFlow33!Z26 -> 217.40799 | AA61: =BESS_MW -> 200 | AB61: =BESS_MW -> 200 | AC61: =BESS_MW -> 200
C62: =ROW()-ROW(A$56)+1 -> 7
A63: HR, net, LHV, GJ/MWh (clean-as-new) | C63: =ROW()-ROW(A$56)+1 -> 8 | G63: =TFlow33!G55/1000 -> 9.771 | H63: =TFlow33!H55/1000 -> 9.771 | I63: =TFlow33!I55/1000 -> 10.057 | J63: =TFlow33!J55/1000 -> 10.057 | K63: =TFlow33!K55/1000 -> 9.61 | L63: =TFlow33!L55/1000 -> 9.608 | M63: =TFlow33!M55/1000 -> 9.392 | N63: =TFlow33!N55/1000 -> 9.392 | ... Z63: =TFlow33!Z55/1000 -> 7.868
A64: Gas supply pressure at skid edge, Bara | C64: =ROW()-ROW(A$56)+1 -> 9 | G64: =TFlow33!G56 -> 26.6 | H64: =TFlow33!H56 -> 26.6 | I64: =TFlow33!I56 -> 20.75 | J64: =TFlow33!J56 -> 20.75 | K64: =TFlow33!K56 -> 28.37 | L64: =TFlow33!L56 -> 28.37 | M64: =TFlow33!M56 -> 37.61 | N64: =TFlow33!N56 -> 37.61 | ... Z64: =TFlow33!Z56 -> 6.993
A65: Fuel, GJ/h (on gas, approx) | C65: =ROW()-ROW(A$56)+1 -> 10 | G65: =G63*NG_HHVonLHV*G61 -> 3690.4661 | H65: =H63*NG_HHVonLHV*H61 -> 3690.4661 | I65: =I63*NG_HHVonLHV*I61 -> 3871.7917 | J65: =J63*NG_HHVonLHV*J61 -> 3871.7917 | K65: =K63*NG_HHVonLHV*K61 -> 2747.2352 | L65: =L63*NG_HHVonLHV*L61 -> 2747.323 | M65: =M63*NG_HHVonLHV*M61 -> 3953.1867 | N65: =N63*NG_HHVonLHV*N61 -> 3953.1867 | ... Z65: =Z63*NG_HHVonLHV*Z61 -> 1893.5966 | AA65: 0 | AB65: 0 | AC65: 0
C66: =ROW()-ROW(A$56)+1 -> 11
A67: Proportion of powerplant capex that is installation | C67: =ROW()-ROW(A$56)+1 -> 12 | G67: =VLOOKUP(G$57, IASR_InstallationPercentTable,8,FALSE) -> 0.3 | H67: =VLOOKUP(H$57, IASR_InstallationPercentTable,8,FALSE) -> 0.3 | I67: =VLOOKUP(I$57, IASR_InstallationPercentTable,8,FALSE) -> 0.3 | J67: =VLOOKUP(J$57, IASR_InstallationPercentTable,8,FALSE) -> 0.3 | K67: =VLOOKUP(K$57, IASR_InstallationPercentTable,8,FALSE) -> 0.3 | L67: =VLOOKUP(L$57, IASR_InstallationPercentTable,8,FALSE) -> 0.3 | M67: =VLOOKUP(M$57, IASR_InstallationPercentTable,8,FALSE) -> 0.3 | N67: =VLOOKUP(N$57, IASR_InstallationPercentTable,8,FALSE) -> 0.3 | ... AC67: =VLOOKUP(AC$57, IASR_InstallationPercentTable,8,FALSE) -> 0.17113208
A68: Localisation factor for capex | C68: =ROW()-ROW(A$56)+1 -> 13 | G68: =1*(1-G67)+G67*VLOOKUP(SiteLocation,Rawlinsons_RegionalCostFactorTable,3,FALSE)/100*(ProportionOfInstallation_Labour*Rawlinsons_PerthFactor_Labour+(1-ProportionOfInstallation_Labour)*Rawlinsons_PerthFactor_Other) -> 1.0449212 | H68: =1*(1-H67)+H67*VLOOKUP(SiteLocation,Rawlinsons_RegionalCostFactorTable,3,FALSE)/100*(ProportionOfInstallation_Labour*Rawlinsons_PerthFactor_Labour+(1-ProportionOfInstallation_Labour)*Rawlinsons_PerthFactor_Other) -> 1.0449212 | I68: =1*(1-I67)+I67*VLOOKUP(SiteLocation,Rawlinsons_RegionalCostFactorTable,3,FALSE)/100*(ProportionOfInstallation_Labour*Rawlinsons_PerthFactor_Labour+(1-ProportionOfInstallation_Labour)*Rawlinsons_PerthFactor_Other) -> 1.0449212 | J68: =1*(1-J67)+J67*VLOOKUP(SiteLocation,Rawlinsons_RegionalCostFactorTable,3,FALSE)/100*(ProportionOfInstallation_Labour*Rawlinsons_PerthFactor_Labour+(1-ProportionOfInstallation_Labour)*Rawlinsons_PerthFactor_Other) -> 1.0449212 | K68: =1*(1-K67)+K67*VLOOKUP(SiteLocation,Rawlinsons_RegionalCostFactorTable,3,FALSE)/100*(ProportionOfInstallation_Labour*Rawlinsons_PerthFactor_Labour+(1-ProportionOfInstallation_Labour)*Rawlinsons_PerthFactor_Other) -> 1.0449212 | L68: =1*(1-L67)+L67*VLOOKUP(SiteLocation,Rawlinsons_RegionalCostFactorTable,3,FALSE)/100*(ProportionOfInstallation_Labour*Rawlinsons_PerthFactor_Labour+(1-ProportionOfInstallation_Labour)*Rawlinsons_PerthFactor_Other) -> 1.0449212 | M68: =1*(1-M67)+M67*VLOOKUP(SiteLocation,Rawlinsons_RegionalCostFactorTable,3,FALSE)/100*(ProportionOfInstallation_Labour*Rawlinsons_PerthFactor_Labour+(1-ProportionOfInstallation_Labour)*Rawlinsons_PerthFactor_Other) -> 1.0449212 | N68: =1*(1-N67)+N67*VLOOKUP(SiteLocation,Rawlinsons_RegionalCostFactorTable,3,FALSE)/100*(ProportionOfInstallation_Labour*Rawlinsons_PerthFactor_Labour+(1-ProportionOfInstallation_Labour)*Rawlinsons_PerthFactor_Other) -> 1.0449212 | ... AC68: =1*(1-AC67)+AC67*VLOOKUP(SiteLocation,Rawlinsons_RegionalCostFactorTable,3,FALSE)/100*(ProportionOfInstallation_Labour*Rawlinsons_PerthFactor_Labour+(1-ProportionOfInstallation_Labour)*Rawlinsons_PerthFactor_Other) -> 1.0256249
C69: =ROW()-ROW(A$56)+1 -> 14
A70: # Electrical connections | C70: =ROW()-ROW(A$56)+1 -> 15 | G70: 2 | H70: 2 | I70: 2 | J70: 2 | K70: 1 | L70: 1 | M70: 2 | N70: 2 | O70: 1 | P70: 1 | Q70: 2 | R70: 2 | S70: 1 | T70: 1 | U70: 2 | V70: 2 | W70: 1 | X70: 1 | Y70: 1 | Z70: 1 | AA70: 1 | AB70: 1 | AC70: 1
A71: Area (powerplant excl switchyard) | B71: Ha | C71: =ROW()-ROW(A$56)+1 -> 16 | G71: =TFlow33!G63 -> 2.69 | H71: =TFlow33!H63 -> 2.278 | I71: =TFlow33!I63 -> 2.604 | J71: =TFlow33!J63 -> 2.201 | K71: =TFlow33!K63 -> 2.446 | L71: =TFlow33!L63 -> 1.815 | M71: =TFlow33!M63 -> 3.849 | N71: =TFlow33!N63 -> 4.568 | ... Z71: =TFlow33!Z63 -> 2.05 | AA71: =AC71*6/8 -> 10.35 | AB71: =AC71*7/8 -> 12.075 | AC71: 13.8
C72: =ROW()-ROW(A$56)+1 -> 17
A73: Electrical Connection Cost | B73: $M | C73: =ROW()-ROW(A$56)+1 -> 18 | G73: =VLOOKUP(G$70,ElectricalCOnnectonsCostTable,2,FALSE)/1000000 -> 41.500202 | H73: =VLOOKUP(H$70,ElectricalCOnnectonsCostTable,2,FALSE)/1000000 -> 41.500202 | I73: =VLOOKUP(I$70,ElectricalCOnnectonsCostTable,2,FALSE)/1000000 -> 41.500202 | J73: =VLOOKUP(J$70,ElectricalCOnnectonsCostTable,2,FALSE)/1000000 -> 41.500202 | K73: =VLOOKUP(K$70,ElectricalCOnnectonsCostTable,2,FALSE)/1000000 -> 26.550101 | L73: =VLOOKUP(L$70,ElectricalCOnnectonsCostTable,2,FALSE)/1000000 -> 26.550101 | M73: =VLOOKUP(M$70,ElectricalCOnnectonsCostTable,2,FALSE)/1000000 -> 41.500202 | N73: =VLOOKUP(N$70,ElectricalCOnnectonsCostTable,2,FALSE)/1000000 -> 41.500202 | ... AC73: =VLOOKUP(AC$70,ElectricalCOnnectonsCostTable,2,FALSE)/1000000 -> 26.550101
A74: Gas connection cost | B74: $M | C74: =ROW()-ROW(A$56)+1 -> 19 | G74: =VLOOKUP(G56,GasConn_Table,GasConn_CapexColumn,FALSE) -> 28.793694 | H74: =VLOOKUP(H56,GasConn_Table,GasConn_CapexColumn,FALSE) -> 102.63234 | I74: =VLOOKUP(I56,GasConn_Table,GasConn_CapexColumn,FALSE) -> 28.793694 | J74: =VLOOKUP(J56,GasConn_Table,GasConn_CapexColumn,FALSE) -> 95.580709 | K74: =VLOOKUP(K56,GasConn_Table,GasConn_CapexColumn,FALSE) -> 22.09527 | L74: =VLOOKUP(L56,GasConn_Table,GasConn_CapexColumn,FALSE) -> 78.71735 | M74: =VLOOKUP(M56,GasConn_Table,GasConn_CapexColumn,FALSE) -> 118.1609 | N74: =VLOOKUP(N56,GasConn_Table,GasConn_CapexColumn,FALSE) -> 28.793694 | ... Z74: =VLOOKUP(Z56,GasConn_Table,GasConn_CapexColumn,FALSE) -> 74.444469 | AA74: 0 | AB74: 0 | AC74: 0
A75: Water connection cost | B75: $M | C75: =ROW()-ROW(A$56)+1 -> 20 | G75: 0 | H75: 0 | I75: 0 | J75: 0 | K75: 0 | L75: 0 | M75: 0 | N75: 0 | O75: 0 | P75: 0 | Q75: 0 | R75: 0 | S75: 0 | T75: 0 | U75: 0 | V75: 0 | W75: 0 | X75: 0 | Y75: 0 | Z75: 0 | AA75: 0 | AB75: 0 | AC75: 0
C76: =ROW()-ROW(A$56)+1 -> 21
A77: MDQ | B77: GJ/day | C77: =ROW()-ROW(A$56)+1 -> 22 | G77: =_xlfn.IFNA(VLOOKUP(G56,GasConn_Table,GasConn_MDQColumn,FALSE),0) -> 0 | H77: =_xlfn.IFNA(VLOOKUP(H56,GasConn_Table,GasConn_MDQColumn,FALSE),0) -> 51666.526 | I77: =_xlfn.IFNA(VLOOKUP(I56,GasConn_Table,GasConn_MDQColumn,FALSE),0) -> 0 | J77: =_xlfn.IFNA(VLOOKUP(J56,GasConn_Table,GasConn_MDQColumn,FALSE),0) -> 54205.084 | K77: =_xlfn.IFNA(VLOOKUP(K56,GasConn_Table,GasConn_MDQColumn,FALSE),0) -> 0 | L77: =_xlfn.IFNA(VLOOKUP(L56,GasConn_Table,GasConn_MDQColumn,FALSE),0) -> 38462.522 | M77: =_xlfn.IFNA(VLOOKUP(M56,GasConn_Table,GasConn_MDQColumn,FALSE),0) -> 55344.613 | N77: =_xlfn.IFNA(VLOOKUP(N56,GasConn_Table,GasConn_MDQColumn,FALSE),0) -> 0 | ... AC77: =_xlfn.IFNA(VLOOKUP(AC56,GasConn_Table,GasConn_MDQColumn,FALSE),0) -> 0
A78: MDQ cost | B78: $M/year | C78: =ROW()-ROW(A$56)+1 -> 23 | G78: =Gas_DBNGPTariff_DollarsPerGJPerDay*G77*365.25/1000000 -> 0 | H78: =Gas_DBNGPTariff_DollarsPerGJPerDay*H77*365.25/1000000 -> 34.323464 | I78: =Gas_DBNGPTariff_DollarsPerGJPerDay*I77*365.25/1000000 -> 0 | J78: =Gas_DBNGPTariff_DollarsPerGJPerDay*J77*365.25/1000000 -> 36.009897 | K78: =Gas_DBNGPTariff_DollarsPerGJPerDay*K77*365.25/1000000 -> 0 | L78: =Gas_DBNGPTariff_DollarsPerGJPerDay*L77*365.25/1000000 -> 25.551689 | M78: =Gas_DBNGPTariff_DollarsPerGJPerDay*M77*365.25/1000000 -> 36.766917 | N78: =Gas_DBNGPTariff_DollarsPerGJPerDay*N77*365.25/1000000 -> 0 | ... AC78: =Gas_DBNGPTariff_DollarsPerGJPerDay*AC77*365.25/1000000 -> 0
C79: =ROW()-ROW(A$56)+1 -> 24
A80: Capacity credits multiplier - Peak | C80: =ROW()-ROW(A$56)+1 -> 25 | G80: 1 | H80: 1 | I80: 1 | J80: 1 | K80: 1 | L80: 1 | M80: 1 | N80: 1 | O80: 1 | P80: 1 | Q80: 1 | R80: 1 | S80: 0 | T80: 0 | U80: 1 | V80: 1 | W80: 1 | X80: 1 | Y80: 1 | Z80: 1 | AA80: =6/7 -> 0.85714286 | AB80: 1 | AC80: 1
A81: Capacity credits multiplier - Flex | C81: =ROW()-ROW(A$56)+1 -> 26 | G81: 1 | H81: 1 | I81: 1 | J81: 1 | K81: 1 | L81: 1 | M81: 1 | N81: 1 | O81: 1 | P81: 1 | Q81: 1 | R81: 1 | S81: 0 | T81: 0 | U81: =2/3 -> 0.66666667 | V81: =2/3 -> 0.66666667 | W81: 1 | X81: 1 | Y81: 1 | Z81: 1 | AA81: =6/7 -> 0.85714286 | AB81: 1 | AC81: 1
C82: =ROW()-ROW(A$56)+1 -> 27
A83: TUOS | C83: =ROW()-ROW(A$56)+1 -> 28
A84: - Use of system | B84: $M | C84: =ROW()-ROW(A$56)+1 -> 29 | G84: =TUOS_centsPerkWperDay/100*G$61*365.25/1000 -> 2.6755733 | H84: =TUOS_centsPerkWperDay/100*H$61*365.25/1000 -> 2.6755733 | I84: =TUOS_centsPerkWperDay/100*I$61*365.25/1000 -> 2.7272075 | J84: =TUOS_centsPerkWperDay/100*J$61*365.25/1000 -> 2.7272075 | K84: =TUOS_centsPerkWperDay/100*K$61*365.25/1000 -> 2.0251029 | L84: =TUOS_centsPerkWperDay/100*L$61*365.25/1000 -> 2.0255892 | M84: =TUOS_centsPerkWperDay/100*M$61*365.25/1000 -> 2.9816996 | N84: =TUOS_centsPerkWperDay/100*N$61*365.25/1000 -> 2.9816996 | ... AC84: =TUOS_centsPerkWperDay/100*AC$61*365.25/1000 -> 1.5683835
A85: - Control system service price | B85: $M | C85: =ROW()-ROW(A$56)+1 -> 30 | G85: =TUOS_ControlSystemServei_centsPerkWPerDay/100*G$61*365.25/1000 -> 0.38008843 | H85: =TUOS_ControlSystemServei_centsPerkWPerDay/100*H$61*365.25/1000 -> 0.38008843 | I85: =TUOS_ControlSystemServei_centsPerkWPerDay/100*I$61*365.25/1000 -> 0.38742351 | J85: =TUOS_ControlSystemServei_centsPerkWPerDay/100*J$61*365.25/1000 -> 0.38742351 | K85: =TUOS_ControlSystemServei_centsPerkWPerDay/100*K$61*365.25/1000 -> 0.28768346 | L85: =TUOS_ControlSystemServei_centsPerkWPerDay/100*L$61*365.25/1000 -> 0.28775254 | M85: =TUOS_ControlSystemServei_centsPerkWPerDay/100*M$61*365.25/1000 -> 0.42357633 | N85: =TUOS_ControlSystemServei_centsPerkWPerDay/100*N$61*365.25/1000 -> 0.42357633 | ... AC85: =TUOS_ControlSystemServei_centsPerkWPerDay/100*AC$61*365.25/1000 -> 0.2228025
A86: - Metering charge | B86: $M | C86: =ROW()-ROW(A$56)+1 -> 31 | G86: =TUOS_Metering_centsPerMeterPerDay/100*$G70*365.25/1000000 -> 0.0088535066 | H86: =TUOS_Metering_centsPerMeterPerDay/100*$G70*365.25/1000000 -> 0.0088535066 | I86: =TUOS_Metering_centsPerMeterPerDay/100*$G70*365.25/1000000 -> 0.0088535066 | J86: =TUOS_Metering_centsPerMeterPerDay/100*$G70*365.25/1000000 -> 0.0088535066 | K86: =TUOS_Metering_centsPerMeterPerDay/100*$G70*365.25/1000000 -> 0.0088535066 | L86: =TUOS_Metering_centsPerMeterPerDay/100*$G70*365.25/1000000 -> 0.0088535066 | M86: =TUOS_Metering_centsPerMeterPerDay/100*$G70*365.25/1000000 -> 0.0088535066 | N86: =TUOS_Metering_centsPerMeterPerDay/100*$G70*365.25/1000000 -> 0.0088535066 | ... AC86: =TUOS_Metering_centsPerMeterPerDay/100*$G70*365.25/1000000 -> 0.0088535066
A87: -Total | B87: $M | C87: =ROW()-ROW(A$56)+1 -> 32 | G87: =SUM(G84:G86) -> 3.0645153 | H87: =SUM(H84:H86) -> 3.0645153 | I87: =SUM(I84:I86) -> 3.1234845 | J87: =SUM(J84:J86) -> 3.1234845 | K87: =SUM(K84:K86) -> 2.3216399 | L87: =SUM(L84:L86) -> 2.3221953 | M87: =SUM(M84:M86) -> 3.4141294 | N87: =SUM(N84:N86) -> 3.4141294 | ... AC87: =SUM(AC84:AC86) -> 1.8000395
C88: =ROW()-ROW(A$56)+1 -> 33
A89: Working capital | C89: =ROW()-ROW(A$56)+1 -> 34
A90: - Fuel inventory hours | C90: =ROW()-ROW(A$56)+1 -> 35 | G90: =IF(G$55="DF",FuelStored_Distillate_Hours,IF(G$55="GasOnly",FuelStored_GAs_Hours,0)) -> 36 | H90: =IF(H$55="DF",FuelStored_Distillate_Hours,IF(H$55="GasOnly",FuelStored_GAs_Hours,0)) -> 14 | I90: =IF(I$55="DF",FuelStored_Distillate_Hours,IF(I$55="GasOnly",FuelStored_GAs_Hours,0)) -> 36 | J90: =IF(J$55="DF",FuelStored_Distillate_Hours,IF(J$55="GasOnly",FuelStored_GAs_Hours,0)) -> 14 | K90: =IF(K$55="DF",FuelStored_Distillate_Hours,IF(K$55="GasOnly",FuelStored_GAs_Hours,0)) -> 36 | L90: =IF(L$55="DF",FuelStored_Distillate_Hours,IF(L$55="GasOnly",FuelStored_GAs_Hours,0)) -> 14 | M90: =IF(M$55="DF",FuelStored_Distillate_Hours,IF(M$55="GasOnly",FuelStored_GAs_Hours,0)) -> 14 | N90: =IF(N$55="DF",FuelStored_Distillate_Hours,IF(N$55="GasOnly",FuelStored_GAs_Hours,0)) -> 36 | ... AC90: =IF(AC$55="DF",FuelStored_Distillate_Hours,IF(AC$55="GasOnly",FuelStored_GAs_Hours,0)) -> 0
A91: - Fuel inventory $ | C91: =ROW()-ROW(A$56)+1 -> 36 | G91: =IF(G$55="DF",FuelStored_Distillate_Hours*DistilateCost_DollarsPerGJ,FuelStored_GAs_Hours*GasCost_DollarsPerGJ)*G65 -> 4089368.2 | H91: =IF(H$55="DF",FuelStored_Distillate_Hours*DistilateCost_DollarsPerGJ,FuelStored_GAs_Hours*GasCost_DollarsPerGJ)*H65 -> 719198.04 | I91: =IF(I$55="DF",FuelStored_Distillate_Hours*DistilateCost_DollarsPerGJ,FuelStored_GAs_Hours*GasCost_DollarsPerGJ)*I65 -> 4290293.3 | J91: =IF(J$55="DF",FuelStored_Distillate_Hours*DistilateCost_DollarsPerGJ,FuelStored_GAs_Hours*GasCost_DollarsPerGJ)*J65 -> 754534.77 | K91: =IF(K$55="DF",FuelStored_Distillate_Hours*DistilateCost_DollarsPerGJ,FuelStored_GAs_Hours*GasCost_DollarsPerGJ)*K65 -> 3044183.6 | L91: =IF(L$55="DF",FuelStored_Distillate_Hours*DistilateCost_DollarsPerGJ,FuelStored_GAs_Hours*GasCost_DollarsPerGJ)*L65 -> 535398.31 | M91: =IF(M$55="DF",FuelStored_Distillate_Hours*DistilateCost_DollarsPerGJ,FuelStored_GAs_Hours*GasCost_DollarsPerGJ)*M65 -> 770397.02 | N91: =IF(N$55="DF",FuelStored_Distillate_Hours*DistilateCost_DollarsPerGJ,FuelStored_GAs_Hours*GasCost_DollarsPerGJ)*N65 -> 4380486.2 | ... AC91: =IF(AC$55="DF",FuelStored_Distillate_Hours*DistilateCost_DollarsPerGJ,FuelStored_GAs_Hours*GasCost_DollarsPerGJ)*AC65 -> 0
A92: - FOM/year (excl WC), $ | C92: =ROW()-ROW(A$56)+1 -> 37 | G92: =SUM(Calculations!G37:G41,Calculations!G43:G46)*Calculations!G11 -> 11429537 | H92: =SUM(Calculations!H37:H41,Calculations!H43:H46)*Calculations!H11 -> 45888488 | I92: =SUM(Calculations!I37:I41,Calculations!I43:I46)*Calculations!I11 -> 11576017 | J92: =SUM(Calculations!J37:J41,Calculations!J43:J46)*Calculations!J11 -> 47704088 | K92: =SUM(Calculations!K37:K41,Calculations!K43:K46)*Calculations!K11 -> 9142111.8 | L92: =SUM(Calculations!L37:L41,Calculations!L43:L46)*Calculations!L11 -> 34710337 | M92: =SUM(Calculations!M37:M41,Calculations!M43:M46)*Calculations!M11 -> 51969390 | N92: =SUM(Calculations!N37:N41,Calculations!N43:N46)*Calculations!N11 -> 15073096 | ... AC92: =SUM(Calculations!AC37:AC41,Calculations!AC43:AC46)*Calculations!AC11 -> 12853129
A93: - Cash cycle $ WC | C93: =ROW()-ROW(A$56)+1 -> 38 | G93: =G92*CashCycle_Days/365.25 -> 1408156.6 | H93: =H92*CashCycle_Days/365.25 -> 5653612.4 | I93: =I92*CashCycle_Days/365.25 -> 1426203.3 | J93: =J92*CashCycle_Days/365.25 -> 5877300.3 | K93: =K92*CashCycle_Days/365.25 -> 1126338.2 | L93: =L92*CashCycle_Days/365.25 -> 4276427.6 | M93: =M92*CashCycle_Days/365.25 -> 6402799.6 | N93: =N92*CashCycle_Days/365.25 -> 1857054.9 | ... AC93: =AC92*CashCycle_Days/365.25 -> 1583547.7
A94: - Total WC | C94: =ROW()-ROW(A$56)+1 -> 39 | G94: =G91+G93 -> 5497524.8 | H94: =H91+H93 -> 6372810.5 | I94: =I91+I93 -> 5716496.6 | J94: =J91+J93 -> 6631835.1 | K94: =K91+K93 -> 4170521.8 | L94: =L91+L93 -> 4811825.9 | M94: =M91+M93 -> 7173196.6 | N94: =N91+N93 -> 6237541.1 | ... AC94: =AC91+AC93 -> 1583547.7
A95: WC annual cost | B95: $M | C95: =ROW()-ROW(A$56)+1 -> 40 | G95: =G94*WACC/1000000 -> 0.59648144 | H95: =H94*WACC/1000000 -> 0.69144994 | I95: =I94*WACC/1000000 -> 0.62023988 | J95: =J94*WACC/1000000 -> 0.71955411 | K95: =K94*WACC/1000000 -> 0.45250161 | L95: =L94*WACC/1000000 -> 0.52208311 | M95: =M94*WACC/1000000 -> 0.77829183 | N95: =N94*WACC/1000000 -> 0.67677321 | ... AC95: =AC94*WACC/1000000 -> 0.17181492
C96: =ROW()-ROW(A$56)+1 -> 41
A97: Bottom of table
A101: Location | B101: Distance from DBNGP, km
A102: Three Springs | B102: 50
A103: Eneabba | B103: 3
A104: Badgingarra | B104: 15
A105: Cataby | B105: 10
A106: Gingin | B106: 10
A107: Muchea | B107: 13
A108: Pinjar | B108: 13
A109: Neerabup | B109: 13
A110: Average | B110: =AVERAGE(B102:B109) -> 15.875

Sheet Calculations
A4: Calculations
A5: Configuration | G5: SCGT | H5: SCGT | I5: SCGT | J5: SCGT | K5: SCGT | L5: SCGT | M5: SCGT | N5: SCGT | O5: SCGT | P5: SCGT | Q5: SCGT | R5: SCGT | S5: CCGT | T5: CCGT | U5: CCGT | V5: CCGT | W5: RECIP | X5: RECIP | Y5: RECIP | Z5: RECIP | AA5: BESS | AB5: BESS | AC5: BESS
G6: GT13E2 | H6: GT13E2 | I6: SGT5-2000E | J6: SGT5-2000E | K6: 1x9FA | L6: 1x9FA | M6: LM2500 | N6: LM2500 | O6: LM6000 | P6: LM6000 | Q6: LMS100 | R6: LMS100 | S6: 9FA | T6: 9FA | U6: GT13E2 | V6: GT13E2 | W6: Jenbacher | X6: Jenbacher | Y6: Wartsila | Z6: Wartsila | AA6: 6hr | AB6: 7hr | AC6: 8hr
G7: DF | H7: GasOnly | I7: DF | J7: GasOnly | K7: DF | L7: GasOnly | M7: GasOnly | N7: DF | O7: DF | P7: GasOnly | Q7: DF | R7: GasOnly | S7: DF | T7: GasOnly | U7: DF | V7: GasOnly | W7: DF | X7: GasOnly | Y7: DF | Z7: GasOnly
A8: Tag | G8: =G5&"_"&G6&IF(G7<>"","_"&G7,"") -> SCGT _GT13E2 _DF | H8: =H5&"_"&H6&IF(H7<>"","_"&H7,"") -> SCGT _GT13E2 _GasOnly | I8: =I5&"_"&I6&IF(I7<>"","_"&I7,"") -> SCGT _SGT5-2000E _DF | J8: =J5&"_"&J6&IF(J7<>"","_"&J7,"") -> SCGT _SGT5-2000E _GasOnly | K8: =K5&"_"&K6&IF(K7<>"","_"&K7,"") -> SCGT _1x9FA _DF | L8: =L5&"_"&L6&IF(L7<>"","_"&L7,"") -> SCGT _1x9FA _GasOnly | M8: =M5&"_"&M6&IF(M7<>"","_"&M7,"") -> SCGT _LM2500 _GasOnly | N8: =N5&"_"&N6&IF(N7<>"","_"&N7,"") -> SCGT _LM2500 _DF | ... AC8: =AC5&"_"&AC6&IF(AC7<>"","_"&AC7,"") -> BESS_8hr
A9: IASR selection | G9: =HLOOKUP(G$8,ConfigParamsTable,ConfigRow_IASRSelection,FALSE) -> OCGT (large GT) | H9: =HLOOKUP(H$8,ConfigParamsTable,ConfigRow_IASRSelection,FALSE) -> OCGT (large GT) | I9: =HLOOKUP(I$8,ConfigParamsTable,ConfigRow_IASRSelection,FALSE) -> OCGT (large GT) | J9: =HLOOKUP(J$8,ConfigParamsTable,ConfigRow_IASRSelection,FALSE) -> OCGT (large GT) | K9: =HLOOKUP(K$8,ConfigParamsTable,ConfigRow_IASRSelection,FALSE) -> OCGT (large GT) | L9: =HLOOKUP(L$8,ConfigParamsTable,ConfigRow_IASRSelection,FALSE) -> OCGT (large GT) | M9: =HLOOKUP(M$8,ConfigParamsTable,ConfigRow_IASRSelection,FALSE) -> OCGT (small GT) | N9: =HLOOKUP(N$8,ConfigParamsTable,ConfigRow_IASRSelection,FALSE) -> OCGT (small GT) | ... AC9: =HLOOKUP(AC$8,ConfigParamsTable,ConfigRow_IASRSelection,FALSE) -> Battery storage (8hrs storage)
AA10: =IASR_BESS6_RefCapex -> 1807.1356 | AB10: =IASR_BESS7_RefCapex -> 2021.8461 | AC10: =IASR_BESS8_RefCapex -> 2237.7778
A11: Configuration net MW (clean-as-new) | G11: =HLOOKUP(G$8,ConfigParamsTable,ConfigRow_NetMW,FALSE) -> 341.18866 | H11: =HLOOKUP(H$8,ConfigParamsTable,ConfigRow_NetMW,FALSE) -> 341.18866 | I11: =HLOOKUP(I$8,ConfigParamsTable,ConfigRow_NetMW,FALSE) -> 347.77304 | J11: =HLOOKUP(J$8,ConfigParamsTable,ConfigRow_NetMW,FALSE) -> 347.77304 | K11: =HLOOKUP(K$8,ConfigParamsTable,ConfigRow_NetMW,FALSE) -> 258.24078 | L11: =HLOOKUP(L$8,ConfigParamsTable,ConfigRow_NetMW,FALSE) -> 258.3028 | M11: =HLOOKUP(M$8,ConfigParamsTable,ConfigRow_NetMW,FALSE) -> 380.22583 | N11: =HLOOKUP(N$8,ConfigParamsTable,ConfigRow_NetMW,FALSE) -> 380.22583 | ... AC11: =HLOOKUP(AC$8,ConfigParamsTable,ConfigRow_NetMW,FALSE) -> 200
A12: # electrical connections | G12: =HLOOKUP(G$8,ConfigParamsTable,ConfigRow_NumberOfConnections,FALSE) -> 2 | H12: =HLOOKUP(H$8,ConfigParamsTable,ConfigRow_NumberOfConnections,FALSE) -> 2 | I12: =HLOOKUP(I$8,ConfigParamsTable,ConfigRow_NumberOfConnections,FALSE) -> 2 | J12: =HLOOKUP(J$8,ConfigParamsTable,ConfigRow_NumberOfConnections,FALSE) -> 2 | K12: =HLOOKUP(K$8,ConfigParamsTable,ConfigRow_NumberOfConnections,FALSE) -> 1 | L12: =HLOOKUP(L$8,ConfigParamsTable,ConfigRow_NumberOfConnections,FALSE) -> 1 | M12: =HLOOKUP(M$8,ConfigParamsTable,ConfigRow_NumberOfConnections,FALSE) -> 2 | N12: =HLOOKUP(N$8,ConfigParamsTable,ConfigRow_NumberOfConnections,FALSE) -> 2 | ... AC12: =HLOOKUP(AC$8,ConfigParamsTable,ConfigRow_NumberOfConnections,FALSE) -> 1
A14: BESS, $/kW, AUD, $2025
A15: Powerplant cost | C15: USD, at notional Vic location, $2025 | F15: EPC+Owners | G15: =TFlow33!G34 -> 3.3072444e+08 | H15: =TFlow33!H34 -> 3.2332649e+08 | I15: =TFlow33!I34 -> 3.2987809e+08 | J15: =TFlow33!J34 -> 3.2248892e+08 | K15: =TFlow33!K34 -> 2.7864292e+08 | L15: =TFlow33!L34 -> 2.56949e+08 | M15: =TFlow33!M34 -> 5.9908868e+08 | N15: =TFlow33!N34 -> 6.1368485e+08 | ... Z15: =TFlow33!Z34 -> 3.0933523e+08
C16: AUD, at notional Vic location, $2025 | F16: EPC+Owners | G16: =G15/Fx_Rate -> 5.0492281e+08 | H16: =H15/Fx_Rate -> 4.9362823e+08 | I16: =I15/Fx_Rate -> 5.0363066e+08 | J16: =J15/Fx_Rate -> 4.923495e+08 | K16: =K15/Fx_Rate -> 4.2540904e+08 | L16: =L15/Fx_Rate -> 3.9228855e+08 | M16: =M15/Fx_Rate -> 9.146392e+08 | N16: =N15/Fx_Rate -> 9.3692344e+08 | ... Z16: =Z15/Fx_Rate -> 4.7226752e+08 | AA16: =AA11*AA10*1000 -> 3.6142712e+08 | AB16: =AB11*AB10*1000 -> 4.0436922e+08 | AC16: =AC11*AC10*1000 -> 4.4755556e+08
C17: AUD, at notional Vic location, $2026 | F17: EPC+Owners | G17: =G16*CPIIndex_CurrDate/CPIIndex_RefDate -> 5.2169714e+08 | H17: =H16*CPIIndex_CurrDate/CPIIndex_RefDate -> 5.1002734e+08 | I17: =I16*CPIIndex_CurrDate/CPIIndex_RefDate -> 5.2036207e+08 | J17: =J16*CPIIndex_CurrDate/CPIIndex_RefDate -> 5.0870612e+08 | K17: =K16*CPIIndex_CurrDate/CPIIndex_RefDate -> 4.3954179e+08 | L17: =L16*CPIIndex_CurrDate/CPIIndex_RefDate -> 4.05321e+08 | M17: =M16*CPIIndex_CurrDate/CPIIndex_RefDate -> 9.4502496e+08 | N17: =N16*CPIIndex_CurrDate/CPIIndex_RefDate -> 9.6804952e+08 | ... AC17: =AC16*CPIIndex_CurrDate/CPIIndex_RefDate -> 4.6242406e+08
C18: ="AUD, at "&SiteLocation&" location, $2026" -> AUD, at Average location, $2026 | F18: EPC+Owners | G18: =G17*HLOOKUP(G8,ConfigParamsTable,ConfigRow_LocalisationFactor,FALSE) -> 5.451324e+08 | H18: =H17*HLOOKUP(H8,ConfigParamsTable,ConfigRow_LocalisationFactor,FALSE) -> 5.3293838e+08 | I18: =I17*HLOOKUP(I8,ConfigParamsTable,ConfigRow_LocalisationFactor,FALSE) -> 5.4373736e+08 | J18: =J17*HLOOKUP(J8,ConfigParamsTable,ConfigRow_LocalisationFactor,FALSE) -> 5.3155782e+08 | K18: =K17*HLOOKUP(K8,ConfigParamsTable,ConfigRow_LocalisationFactor,FALSE) -> 4.5928654e+08 | L18: =L17*HLOOKUP(L8,ConfigParamsTable,ConfigRow_LocalisationFactor,FALSE) -> 4.2352851e+08 | M18: =M17*HLOOKUP(M8,ConfigParamsTable,ConfigRow_LocalisationFactor,FALSE) -> 9.8747662e+08 | N18: =N17*HLOOKUP(N8,ConfigParamsTable,ConfigRow_LocalisationFactor,FALSE) -> 1.0115355e+09 | ... AC18: =AC17*HLOOKUP(AC8,ConfigParamsTable,ConfigRow_LocalisationFactor,FALSE) -> 4.7427361e+08
A20: $ extras
A21: Pre-FID development | G21: =PreFIDCost_Millions*1000000 -> 20000000 | H21: =PreFIDCost_Millions*1000000 -> 20000000 | I21: =PreFIDCost_Millions*1000000 -> 20000000 | J21: =PreFIDCost_Millions*1000000 -> 20000000 | K21: =PreFIDCost_Millions*1000000 -> 20000000 | L21: =PreFIDCost_Millions*1000000 -> 20000000 | M21: =PreFIDCost_Millions*1000000 -> 20000000 | N21: =PreFIDCost_Millions*1000000 -> 20000000 | ... AC21: =PreFIDCost_Millions*1000000 -> 20000000
A22: Land (PS) | G22: =HLOOKUP(G$8,ConfigParamsTable,ConfigRow_LandAreaHa,FALSE)*LandCost_DollarsPerHa -> 1442512.5 | H22: =HLOOKUP(H$8,ConfigParamsTable,ConfigRow_LandAreaHa,FALSE)*LandCost_DollarsPerHa -> 1221577.5 | I22: =HLOOKUP(I$8,ConfigParamsTable,ConfigRow_LandAreaHa,FALSE)*LandCost_DollarsPerHa -> 1396395 | J22: =HLOOKUP(J$8,ConfigParamsTable,ConfigRow_LandAreaHa,FALSE)*LandCost_DollarsPerHa -> 1180286.2 | K22: =HLOOKUP(K$8,ConfigParamsTable,ConfigRow_LandAreaHa,FALSE)*LandCost_DollarsPerHa -> 1311667.5 | L22: =HLOOKUP(L$8,ConfigParamsTable,ConfigRow_LandAreaHa,FALSE)*LandCost_DollarsPerHa -> 973293.75 | M22: =HLOOKUP(M$8,ConfigParamsTable,ConfigRow_LandAreaHa,FALSE)*LandCost_DollarsPerHa -> 2064026.2 | N22: =HLOOKUP(N$8,ConfigParamsTable,ConfigRow_LandAreaHa,FALSE)*LandCost_DollarsPerHa -> 2449590 | ... AC22: =HLOOKUP(AC$8,ConfigParamsTable,ConfigRow_LandAreaHa,FALSE)*LandCost_DollarsPerHa -> 7400250
A23: Electrical connection | G23: =VLOOKUP(G$12,ElectricalCOnnectonsCostTable,2,FALSE) -> 41500202 | H23: =VLOOKUP(H$12,ElectricalCOnnectonsCostTable,2,FALSE) -> 41500202 | I23: =VLOOKUP(I$12,ElectricalCOnnectonsCostTable,2,FALSE) -> 41500202 | J23: =VLOOKUP(J$12,ElectricalCOnnectonsCostTable,2,FALSE) -> 41500202 | K23: =VLOOKUP(K$12,ElectricalCOnnectonsCostTable,2,FALSE) -> 26550101 | L23: =VLOOKUP(L$12,ElectricalCOnnectonsCostTable,2,FALSE) -> 26550101 | M23: =VLOOKUP(M$12,ElectricalCOnnectonsCostTable,2,FALSE) -> 41500202 | N23: =VLOOKUP(N$12,ElectricalCOnnectonsCostTable,2,FALSE) -> 41500202 | ... AC23: =VLOOKUP(AC$12,ElectricalCOnnectonsCostTable,2,FALSE) -> 26550101
A24: Electrical Fixed Capital Contribution charge | G24: =IF(IncludeFixedCappitalContributionCHarge,FixedCapitalCharge_DollarsPerMW,0)*G$11 -> 34118866 | H24: =IF(IncludeFixedCappitalContributionCHarge,FixedCapitalCharge_DollarsPerMW,0)*H$11 -> 34118866 | I24: =IF(IncludeFixedCappitalContributionCHarge,FixedCapitalCharge_DollarsPerMW,0)*I$11 -> 34777304 | J24: =IF(IncludeFixedCappitalContributionCHarge,FixedCapitalCharge_DollarsPerMW,0)*J$11 -> 34777304 | K24: =IF(IncludeFixedCappitalContributionCHarge,FixedCapitalCharge_DollarsPerMW,0)*K$11 -> 25824078 | L24: =IF(IncludeFixedCappitalContributionCHarge,FixedCapitalCharge_DollarsPerMW,0)*L$11 -> 25830280 | M24: =IF(IncludeFixedCappitalContributionCHarge,FixedCapitalCharge_DollarsPerMW,0)*M$11 -> 38022583 | N24: =IF(IncludeFixedCappitalContributionCHarge,FixedCapitalCharge_DollarsPerMW,0)*N$11 -> 38022583 | ... AC24: =IF(IncludeFixedCappitalContributionCHarge,FixedCapitalCharge_DollarsPerMW,0)*AC$11 -> 20000000
A25: Gas connection | G25: =HLOOKUP(G$8,ConfigParamsTable,ConfigRow_GAsConnCost_Millions,FALSE)*1000000 -> 28793694 | H25: =HLOOKUP(H$8,ConfigParamsTable,ConfigRow_GAsConnCost_Millions,FALSE)*1000000 -> 1.0263234e+08 | I25: =HLOOKUP(I$8,ConfigParamsTable,ConfigRow_GAsConnCost_Millions,FALSE)*1000000 -> 28793694 | J25: =HLOOKUP(J$8,ConfigParamsTable,ConfigRow_GAsConnCost_Millions,FALSE)*1000000 -> 95580709 | K25: =HLOOKUP(K$8,ConfigParamsTable,ConfigRow_GAsConnCost_Millions,FALSE)*1000000 -> 22095270 | L25: =HLOOKUP(L$8,ConfigParamsTable,ConfigRow_GAsConnCost_Millions,FALSE)*1000000 -> 78717350 | M25: =HLOOKUP(M$8,ConfigParamsTable,ConfigRow_GAsConnCost_Millions,FALSE)*1000000 -> 1.181609e+08 | N25: =HLOOKUP(N$8,ConfigParamsTable,ConfigRow_GAsConnCost_Millions,FALSE)*1000000 -> 28793694 | ... AC25: =HLOOKUP(AC$8,ConfigParamsTable,ConfigRow_GAsConnCost_Millions,FALSE)*1000000 -> 0
A26: Water (external infrastructure) | G26: =HLOOKUP(G$8,ConfigParamsTable,ConfigRow_WaterConnCost_Millions,FALSE)*1000000 -> 0 | H26: =HLOOKUP(H$8,ConfigParamsTable,ConfigRow_WaterConnCost_Millions,FALSE)*1000000 -> 0 | I26: =HLOOKUP(I$8,ConfigParamsTable,ConfigRow_WaterConnCost_Millions,FALSE)*1000000 -> 0 | J26: =HLOOKUP(J$8,ConfigParamsTable,ConfigRow_WaterConnCost_Millions,FALSE)*1000000 -> 0 | K26: =HLOOKUP(K$8,ConfigParamsTable,ConfigRow_WaterConnCost_Millions,FALSE)*1000000 -> 0 | L26: =HLOOKUP(L$8,ConfigParamsTable,ConfigRow_WaterConnCost_Millions,FALSE)*1000000 -> 0 | M26: =HLOOKUP(M$8,ConfigParamsTable,ConfigRow_WaterConnCost_Millions,FALSE)*1000000 -> 0 | N26: =HLOOKUP(N$8,ConfigParamsTable,ConfigRow_WaterConnCost_Millions,FALSE)*1000000 -> 0 | ... AC26: =HLOOKUP(AC$8,ConfigParamsTable,ConfigRow_WaterConnCost_Millions,FALSE)*1000000 -> 0
A27: Total extras | G27: =SUM(G21:G26) -> 1.2585527e+08 | H27: =SUM(H21:H26) -> 1.9947299e+08 | I27: =SUM(I21:I26) -> 1.2646759e+08 | J27: =SUM(J21:J26) -> 1.930385e+08 | K27: =SUM(K21:K26) -> 95781117 | L27: =SUM(L21:L26) -> 1.5207102e+08 | M27: =SUM(M21:M26) -> 2.1974771e+08 | N27: =SUM(N21:N26) -> 1.3076607e+08 | ... AC27: =SUM(AC21:AC26) -> 73950351
A29: Total capex incl extras | G29: =G18+G27 -> 6.7098768e+08 | H29: =H18+H27 -> 7.3241137e+08 | I29: =I18+I27 -> 6.7020496e+08 | J29: =J18+J27 -> 7.2459632e+08 | K29: =K18+K27 -> 5.5506766e+08 | L29: =L18+L27 -> 5.7559953e+08 | M29: =M18+M27 -> 1.2072243e+09 | N29: =N18+N27 -> 1.1423015e+09 | ... AC29: =AC18+AC27 -> 5.4822396e+08
A30: $/kW ($2026) | G30: =G29/G11/1000 -> 1966.6178 | H30: =H29/H11/1000 -> 2146.6463 | I30: =I29/I11/1000 -> 1927.1332 | J30: =J29/J11/1000 -> 2083.5322 | K30: =K29/K11/1000 -> 2149.419 | L30: =L29/L11/1000 -> 2228.3906 | M30: =M29/M11/1000 -> 3175.0192 | N30: =N29/N11/1000 -> 3004.2713 | ... AC30: =AC29/AC11/1000 -> 2741.1198
A31: Annualised capex | B31: $/year | G31: =PMT(WACC, AMortisationPeriod_Years,-1*G29)*TiltFactor -> 92539681 | H31: =PMT(WACC, AMortisationPeriod_Years,-1*H29)*TiltFactor -> 1.0101097e+08 | I31: =PMT(WACC, AMortisationPeriod_Years,-1*I29)*TiltFactor -> 92431731 | J31: =PMT(WACC, AMortisationPeriod_Years,-1*J29)*TiltFactor -> 99933150 | K31: =PMT(WACC, AMortisationPeriod_Years,-1*K29)*TiltFactor -> 76552500 | L31: =PMT(WACC, AMortisationPeriod_Years,-1*L29)*TiltFactor -> 79384166 | M31: =PMT(WACC, AMortisationPeriod_Years,-1*M29)*TiltFactor -> 1.6649509e+08 | N31: =PMT(WACC, AMortisationPeriod_Years,-1*N29)*TiltFactor -> 1.5754122e+08 | ... AC31: =PMT(WACC, AMortisationPeriod_Years,-1*AC29)*TiltFactor -> 75608647
B32: $/MW/y | G32: =PMT(WACC, AMortisationPeriod_Years,-1*G30)*TiltFactor*1000 -> 271227.31 | H32: =PMT(WACC, AMortisationPeriod_Years,-1*H30)*TiltFactor*1000 -> 296056.05 | I32: =PMT(WACC, AMortisationPeriod_Years,-1*I30)*TiltFactor*1000 -> 265781.76 | J32: =PMT(WACC, AMortisationPeriod_Years,-1*J30)*TiltFactor*1000 -> 287351.63 | K32: =PMT(WACC, AMortisationPeriod_Years,-1*K30)*TiltFactor*1000 -> 296438.46 | L32: =PMT(WACC, AMortisationPeriod_Years,-1*L30)*TiltFactor*1000 -> 307329.87 | M32: =PMT(WACC, AMortisationPeriod_Years,-1*M30)*TiltFactor*1000 -> 437884.74 | N32: =PMT(WACC, AMortisationPeriod_Years,-1*N30)*TiltFactor*1000 -> 414335.93 | ... AC32: =PMT(WACC, AMortisationPeriod_Years,-1*AC30)*TiltFactor*1000 -> 378043.24
A33: "Weighted average cost of capital" factor | B33: $/MW/y | G33: =((1+WACC)^0.5-1)*G32 -> 14335.249 | H33: =((1+WACC)^0.5-1)*H32 -> 15647.529 | I33: =((1+WACC)^0.5-1)*I32 -> 14047.434 | J33: =((1+WACC)^0.5-1)*J32 -> 15187.472 | K33: =((1+WACC)^0.5-1)*K32 -> 15667.741 | L33: =((1+WACC)^0.5-1)*L32 -> 16243.388 | M33: =((1+WACC)^0.5-1)*M32 -> 23143.639 | N33: =((1+WACC)^0.5-1)*N32 -> 21899.007 | ... AC33: =((1+WACC)^0.5-1)*AC32 -> 19980.82
A36: FOM, $/MW/y
A37: Plant FOM, Technology IASR | G37: =VLOOKUP(G9,IASR_FOMTable_DollarPerkWPerY,2,FALSE)*1000 -> 14323.408 | H37: =VLOOKUP(H9,IASR_FOMTable_DollarPerkWPerY,2,FALSE)*1000 -> 14323.408 | I37: =VLOOKUP(I9,IASR_FOMTable_DollarPerkWPerY,2,FALSE)*1000 -> 14323.408 | J37: =VLOOKUP(J9,IASR_FOMTable_DollarPerkWPerY,2,FALSE)*1000 -> 14323.408 | K37: =VLOOKUP(K9,IASR_FOMTable_DollarPerkWPerY,2,FALSE)*1000 -> 14323.408 | L37: =VLOOKUP(L9,IASR_FOMTable_DollarPerkWPerY,2,FALSE)*1000 -> 14323.408 | M37: =VLOOKUP(M9,IASR_FOMTable_DollarPerkWPerY,2,FALSE)*1000 -> 17685.834 | N37: =VLOOKUP(N9,IASR_FOMTable_DollarPerkWPerY,2,FALSE)*1000 -> 17685.834 | ... AC37: =VLOOKUP(AC9,IASR_FOMTable_DollarPerkWPerY,2,FALSE)*1000 -> 37982.59
A38: Transmission connection asset maintenance | G38: =G23*FOMFactor_ElecConn/G11 -> 608.17089 | H38: =H23*FOMFactor_ElecConn/H11 -> 608.17089 | I38: =I23*FOMFactor_ElecConn/I11 -> 596.6564 | J38: =J23*FOMFactor_ElecConn/J11 -> 596.6564 | K38: =K23*FOMFactor_ElecConn/K11 -> 514.05709 | L38: =L23*FOMFactor_ElecConn/L11 -> 513.93368 | M38: =M23*FOMFactor_ElecConn/M11 -> 545.73097 | N38: =N23*FOMFactor_ElecConn/N11 -> 545.73097 | ... AC38: =AC23*FOMFactor_ElecConn/AC11 -> 663.75252
A39: Transmission NUOS | G39: =HLOOKUP(G$8,ConfigParamsTable,ConfigRow_TUOSTotal_Millions,FALSE)*1000000/G$11 -> 8981.879 | H39: =HLOOKUP(H$8,ConfigParamsTable,ConfigRow_TUOSTotal_Millions,FALSE)*1000000/H$11 -> 8981.879 | I39: =HLOOKUP(I$8,ConfigParamsTable,ConfigRow_TUOSTotal_Millions,FALSE)*1000000/I$11 -> 8981.3877 | J39: =HLOOKUP(J$8,ConfigParamsTable,ConfigRow_TUOSTotal_Millions,FALSE)*1000000/J$11 -> 8981.3877 | K39: =HLOOKUP(K$8,ConfigParamsTable,ConfigRow_TUOSTotal_Millions,FALSE)*1000000/K$11 -> 8990.2139 | L39: =HLOOKUP(L$8,ConfigParamsTable,ConfigRow_TUOSTotal_Millions,FALSE)*1000000/L$11 -> 8990.2057 | M39: =HLOOKUP(M$8,ConfigParamsTable,ConfigRow_TUOSTotal_Millions,FALSE)*1000000/M$11 -> 8979.2149 | N39: =HLOOKUP(N$8,ConfigParamsTable,ConfigRow_TUOSTotal_Millions,FALSE)*1000000/N$11 -> 8979.2149 | ... AC39: =HLOOKUP(AC$8,ConfigParamsTable,ConfigRow_TUOSTotal_Millions,FALSE)*1000000/AC$11 -> 9000.1975
A40: DBNGP capacity | G40: =HLOOKUP(G$8,ConfigParamsTable,ConfigRow_DBNGPTariff_MillionsPerYear,FALSE)/G$11*1000000 -> 0 | H40: =HLOOKUP(H$8,ConfigParamsTable,ConfigRow_DBNGPTariff_MillionsPerYear,FALSE)/H$11*1000000 -> 100599.66 | I40: =HLOOKUP(I$8,ConfigParamsTable,ConfigRow_DBNGPTariff_MillionsPerYear,FALSE)/I$11*1000000 -> 0 | J40: =HLOOKUP(J$8,ConfigParamsTable,ConfigRow_DBNGPTariff_MillionsPerYear,FALSE)/J$11*1000000 -> 103544.24 | K40: =HLOOKUP(K$8,ConfigParamsTable,ConfigRow_DBNGPTariff_MillionsPerYear,FALSE)/K$11*1000000 -> 0 | L40: =HLOOKUP(L$8,ConfigParamsTable,ConfigRow_DBNGPTariff_MillionsPerYear,FALSE)/L$11*1000000 -> 98921.458 | M40: =HLOOKUP(M$8,ConfigParamsTable,ConfigRow_DBNGPTariff_MillionsPerYear,FALSE)/M$11*1000000 -> 96697.578 | N40: =HLOOKUP(N$8,ConfigParamsTable,ConfigRow_DBNGPTariff_MillionsPerYear,FALSE)/N$11*1000000 -> 0 | ... AC40: =HLOOKUP(AC$8,ConfigParamsTable,ConfigRow_DBNGPTariff_MillionsPerYear,FALSE)/AC$11*1000000 -> 0
A41: Gas connection FOM | G41: =G25*FOMFactor_GasConn/G11 -> 210.98073 | H41: =H25*FOMFactor_GasConn/H11 -> 752.02047 | I41: =I25*FOMFactor_GasConn/I11 -> 206.98624 | J41: =J25*FOMFactor_GasConn/J11 -> 687.09113 | K41: =K25*FOMFactor_GasConn/K11 -> 213.90183 | L41: =L25*FOMFactor_GasConn/L11 -> 761.87087 | M41: =M25*FOMFactor_GasConn/M11 -> 776.9126 | N41: =N25*FOMFactor_GasConn/N11 -> 189.31968 | ... AC41: =AC25*FOMFactor_GasConn/AC11 -> 0
A42: Working capital | G42: =HLOOKUP(G$8,ConfigParamsTable,ConfigRow_WC_MillionsPerYear,FALSE)*1000000/G$11 -> 1748.2452 | H42: =HLOOKUP(H$8,ConfigParamsTable,ConfigRow_WC_MillionsPerYear,FALSE)*1000000/H$11 -> 2026.5912 | I42: =HLOOKUP(I$8,ConfigParamsTable,ConfigRow_WC_MillionsPerYear,FALSE)*1000000/I$11 -> 1783.4617 | J42: =HLOOKUP(J$8,ConfigParamsTable,ConfigRow_WC_MillionsPerYear,FALSE)*1000000/J$11 -> 2069.0336 | K42: =HLOOKUP(K$8,ConfigParamsTable,ConfigRow_WC_MillionsPerYear,FALSE)*1000000/K$11 -> 1752.2469 | L42: =HLOOKUP(L$8,ConfigParamsTable,ConfigRow_WC_MillionsPerYear,FALSE)*1000000/L$11 -> 2021.2058 | M42: =HLOOKUP(M$8,ConfigParamsTable,ConfigRow_WC_MillionsPerYear,FALSE)*1000000/M$11 -> 2046.9199 | N42: =HLOOKUP(N$8,ConfigParamsTable,ConfigRow_WC_MillionsPerYear,FALSE)*1000000/N$11 -> 1779.9244 | ... AC42: =HLOOKUP(AC$8,ConfigParamsTable,ConfigRow_WC_MillionsPerYear,FALSE)*1000000/AC$11 -> 859.07461
A43: Corporate overheads etc | G43: =CorporateOVerhead_DollarsPerYear/G11 -> 3847.9444 | H43: =CorporateOVerhead_DollarsPerYear/H11 -> 3847.9444 | I43: =CorporateOVerhead_DollarsPerYear/I11 -> 3775.0914 | J43: =CorporateOVerhead_DollarsPerYear/J11 -> 3775.0914 | K43: =CorporateOVerhead_DollarsPerYear/K11 -> 5083.9181 | L43: =CorporateOVerhead_DollarsPerYear/L11 -> 5082.6976 | M43: =CorporateOVerhead_DollarsPerYear/M11 -> 3452.8822 | N43: =CorporateOVerhead_DollarsPerYear/N11 -> 3452.8822 | ... AC43: =CorporateOVerhead_DollarsPerYear/AC11 -> 6564.375
A44: Insurance adjustment | G44: =InsuranceAdjustment_PercentPerYear*G18/G11 -> 4793.2344 | H44: =InsuranceAdjustment_PercentPerYear*H18/H11 -> 4686.0149 | I44: =InsuranceAdjustment_PercentPerYear*I18/I11 -> 4690.4501 | J44: =InsuranceAdjustment_PercentPerYear*J18/J11 -> 4585.3855 | K44: =InsuranceAdjustment_PercentPerYear*K18/K11 -> 5335.5617 | L44: =InsuranceAdjustment_PercentPerYear*L18/L11 -> 4918.977 | M44: =InsuranceAdjustment_PercentPerYear*M18/M11 -> 7791.2378 | N44: =InsuranceAdjustment_PercentPerYear*N18/N11 -> 7981.0633 | ... AC44: =InsuranceAdjustment_PercentPerYear*AC18/AC11 -> 7114.1042
A45: Site security | G45: =SiteSecurity_DollarsPerYear/G11 -> 493.80305 | H45: =SiteSecurity_DollarsPerYear/H11 -> 493.80305 | I45: =SiteSecurity_DollarsPerYear/I11 -> 484.45388 | J45: =SiteSecurity_DollarsPerYear/J11 -> 484.45388 | K45: =SiteSecurity_DollarsPerYear/K11 -> 652.41438 | L45: =SiteSecurity_DollarsPerYear/L11 -> 652.25775 | M45: =SiteSecurity_DollarsPerYear/M11 -> 443.10509 | N45: =SiteSecurity_DollarsPerYear/N11 -> 443.10509 | ... AC45: =SiteSecurity_DollarsPerYear/AC11 -> 842.4
A46: Rates | G46: =Rates_DollarsPerHectare*HLOOKUP(G$8,ConfigParamsTable,ConfigRow_LandAreaHa,FALSE)/G$11 -> 239.75099 | H46: =Rates_DollarsPerHectare*HLOOKUP(H$8,ConfigParamsTable,ConfigRow_LandAreaHa,FALSE)/H$11 -> 203.03077 | I46: =Rates_DollarsPerHectare*HLOOKUP(I$8,ConfigParamsTable,ConfigRow_LandAreaHa,FALSE)/I$11 -> 227.69201 | J46: =Rates_DollarsPerHectare*HLOOKUP(J$8,ConfigParamsTable,ConfigRow_LandAreaHa,FALSE)/J$11 -> 192.45396 | K46: =Rates_DollarsPerHectare*HLOOKUP(K$8,ConfigParamsTable,ConfigRow_LandAreaHa,FALSE)/K$11 -> 288.02776 | L46: =Rates_DollarsPerHectare*HLOOKUP(L$8,ConfigParamsTable,ConfigRow_LandAreaHa,FALSE)/L$11 -> 213.6733 | M46: =Rates_DollarsPerHectare*HLOOKUP(M$8,ConfigParamsTable,ConfigRow_LandAreaHa,FALSE)/M$11 -> 307.82864 | N46: =Rates_DollarsPerHectare*HLOOKUP(N$8,ConfigParamsTable,ConfigRow_LandAreaHa,FALSE)/N$11 -> 365.33157 | ... AC46: =Rates_DollarsPerHectare*HLOOKUP(AC$8,ConfigParamsTable,ConfigRow_LandAreaHa,FALSE)/AC$11 -> 2098.2238
A47: Total | G47: =SUM(G37:G46) -> 35247.416 | H47: =SUM(H37:H46) -> 136522.53 | I47: =SUM(I37:I46) -> 35069.587 | J47: =SUM(J37:J46) -> 139239.21 | K47: =SUM(K37:K46) -> 37153.749 | L47: =SUM(L37:L46) -> 136399.69 | M47: =SUM(M37:M46) -> 138727.24 | N47: =SUM(N37:N46) -> 41422.406 | ... AC47: =SUM(AC37:AC46) -> 65124.718
A49: Total annual costs | B49: $/MW/y | C49: ="$"&YEAR(Date_Current) -> $2026 | G49: =G32+G33+G47 -> 320809.97 | H49: =H32+H33+H47 -> 448226.11 | I49: =I32+I33+I47 -> 314898.78 | J49: =J32+J33+J47 -> 441778.31 | K49: =K32+K33+K47 -> 349259.95 | L49: =L32+L33+L47 -> 459972.95 | M49: =M32+M33+M47 -> 599755.63 | N49: =N32+N33+N47 -> 477657.35 | ... AC49: =AC32+AC33+AC47 -> 463148.77
A50: ="- escalate to $"&YEAR(Date_BRCP) -> - escalate to $2029 | B50: $/MW/y | G50: =G49*CPIIndex_BRCPDate/CPIIndex_CurrDate -> 351366.76 | H50: =H49*CPIIndex_BRCPDate/CPIIndex_CurrDate -> 490919.14 | I50: =I49*CPIIndex_BRCPDate/CPIIndex_CurrDate -> 344892.54 | J50: =J49*CPIIndex_BRCPDate/CPIIndex_CurrDate -> 483857.2 | K50: =K49*CPIIndex_BRCPDate/CPIIndex_CurrDate -> 382526.57 | L50: =L49*CPIIndex_BRCPDate/CPIIndex_CurrDate -> 503784.86 | M50: =M49*CPIIndex_BRCPDate/CPIIndex_CurrDate -> 656881.68 | N50: =N49*CPIIndex_BRCPDate/CPIIndex_CurrDate -> 523153.68 | ... AC50: =AC49*CPIIndex_BRCPDate/CPIIndex_CurrDate -> 507263.18
G53: =G8 -> SCGT _GT13E2 _DF | H53: =H8 -> SCGT _GT13E2 _GasOnly | I53: =I8 -> SCGT _SGT5-2000E _DF | J53: =J8 -> SCGT _SGT5-2000E _GasOnly | K53: =K8 -> SCGT _1x9FA _DF | L53: =L8 -> SCGT _1x9FA _GasOnly | M53: =M8 -> SCGT _LM2500 _GasOnly | N53: =N8 -> SCGT _LM2500 _DF | ... AC53: =AC8 -> BESS_8hr
A54: Proxy BRCP - Peak | C54: ="$"&YEAR(Date_BRCP) -> $2029 | G54: =IFERROR(G$50/HLOOKUP(G$8,ConfigParamsTable,CapCreditsMultiplier_Peak,FALSE),0) -> 351366.76 | H54: =IFERROR(H$50/HLOOKUP(H$8,ConfigParamsTable,CapCreditsMultiplier_Peak,FALSE),0) -> 490919.14 | I54: =IFERROR(I$50/HLOOKUP(I$8,ConfigParamsTable,CapCreditsMultiplier_Peak,FALSE),0) -> 344892.54 | J54: =IFERROR(J$50/HLOOKUP(J$8,ConfigParamsTable,CapCreditsMultiplier_Peak,FALSE),0) -> 483857.2 | K54: =IFERROR(K$50/HLOOKUP(K$8,ConfigParamsTable,CapCreditsMultiplier_Peak,FALSE),0) -> 382526.57 | L54: =IFERROR(L$50/HLOOKUP(L$8,ConfigParamsTable,CapCreditsMultiplier_Peak,FALSE),0) -> 503784.86 | M54: =IFERROR(M$50/HLOOKUP(M$8,ConfigParamsTable,CapCreditsMultiplier_Peak,FALSE),0) -> 656881.68 | N54: =IFERROR(N$50/HLOOKUP(N$8,ConfigParamsTable,CapCreditsMultiplier_Peak,FALSE),0) -> 523153.68 | ... AC54: =IFERROR(AC$50/HLOOKUP(AC$8,ConfigParamsTable,CapCreditsMultiplier_Peak,FALSE),0) -> 507263.18
A55: Proxy BRCP - Flex | C55: ="$"&YEAR(Date_BRCP) -> $2029 | G55: =IFERROR(G$50/HLOOKUP(G$8,ConfigParamsTable,CapCreditsMultiplier_Flex,FALSE),0) -> 351366.76 | H55: =IFERROR(H$50/HLOOKUP(H$8,ConfigParamsTable,CapCreditsMultiplier_Flex,FALSE),0) -> 490919.14 | I55: =IFERROR(I$50/HLOOKUP(I$8,ConfigParamsTable,CapCreditsMultiplier_Flex,FALSE),0) -> 344892.54 | J55: =IFERROR(J$50/HLOOKUP(J$8,ConfigParamsTable,CapCreditsMultiplier_Flex,FALSE),0) -> 483857.2 | K55: =IFERROR(K$50/HLOOKUP(K$8,ConfigParamsTable,CapCreditsMultiplier_Flex,FALSE),0) -> 382526.57 | L55: =IFERROR(L$50/HLOOKUP(L$8,ConfigParamsTable,CapCreditsMultiplier_Flex,FALSE),0) -> 503784.86 | M55: =IFERROR(M$50/HLOOKUP(M$8,ConfigParamsTable,CapCreditsMultiplier_Flex,FALSE),0) -> 656881.68 | N55: =IFERROR(N$50/HLOOKUP(N$8,ConfigParamsTable,CapCreditsMultiplier_Flex,FALSE),0) -> 523153.68 | ... AC55: =IFERROR(AC$50/HLOOKUP(AC$8,ConfigParamsTable,CapCreditsMultiplier_Flex,FALSE),0) -> 507263.18

Sheet WP
A3: Values adopted:
C4: # connections | D4: $M
C5: 1 | D5: 26550101
C6: 2 | D6: =D5+1500000+9450000+4000101 -> 41500202
A9: WesternPower
A10: Single connection:
A25: Double connection:
A26: Add CB, isolator and gantry landing to the breaker-and-half arrangement shown (assume 1.5M), add second tx line and easement value
A32: WesternPower tariffs | D32: 2026-27 Price List for the Western Power Network Proposed by Western Power on 31 March 2026
A33: Reference tariffs RT11, TRT2 and TRT3 | D33: https://www.erawa.com.au/sites/default/files/2026-27-price-list-for-the-western-power-network.PDF
A34: Substation | B34: TNI | C34: Use of System Price (c/kW/day)
A35: Albany | B35: WALB | C35: 3.093
A36: Alcoa Pinjarra | B36: WAPJ | C36: 2.749
A37: Badgingarra | B37: WBGA | C37: 3.153
A38: Bluewaters | B38: WBWP | C38: 3.112
A39: Boulder | B39: WBLD | C39: 2.239
A40: Cockburn PWS | B40: WCKB | C40: 1.887 | F40: Values for TUOS charge calculation:
A41: Collgar | B41: WCGW | C41: 3.571 | G41: Use of System Price (c/kW/day) | I41: Follows GHD report for ERA 2028/29 Table 19 but using updated WP pricing
A42: Collie PWS | B42: WCPS | C42: 3.619 | F42: Badgingarra | G42: =VLOOKUP(F42,$A$35:$C$73,3,FALSE) -> 3.153
A43: Cunderdin Solar Farm | B43: WCSF | C43: 2.599 | F43: Pinjar GTS | G43: =VLOOKUP(F43,$A$35:$C$73,3,FALSE) -> 1.569
A44: Emu Downs | B44: WEMD | C44: 3.153 | F44: Newgen Neerabup | G44: =VLOOKUP(F44,$A$35:$C$73,3,FALSE) -> 1.933
A45: Geraldton | B45: WGTN | C45: 0.529 | F45: Yandin Wind Farm | G45: =VLOOKUP(F45,$A$35:$C$73,3,FALSE) -> 1.933
A46: Greenough Solar Farm | B46: TMSG | C46: 0.674 | F46: Average | G46: =AVERAGE(G42:G45) -> 2.147
A47: Kemerton PWS | B47: WKEM | C47: 2.515
A48: Kwinana Alcoa | B48: WAKW | C48: 1.946
A49: Kwinana BESS | B49: WKWB | C49: 1.887
A50: Kwinana Donaldson Road | B50: WKND | C50: 1.479
A51: Kwinana PWS | B51: WKPS | C51: 1.887
A52: Kwinana Waste to Energy | B52: WKWW | C52: 1.479
A53: Landwehr (Alinta) | B53: WLWT | C53: 2.347
A54: Mason Road | B54: WNSF | C54: 1.479
A55: Merredin Power Station | B55: TMDP | C55: 2.599
A56: Merredin Solar Farm | B56: WMSF | C56: 2.599
A57: Muja PWS | B57: WMPS | C57: 3.798
A58: Mumbida Wind Farm | B58: TMMB | C58: 3.2
... A73: Yandin Wind Farm | B73: WYDW | C73: 1.933
A75: Control System Service Price (Generators) | B75: cents/kW/day
A76: Control system service price (Generators) | B76: 0.305
A78: Metering price | B78: cents/meter/day
A79: TRT1, TRT2 and TRT3 | B79: 1211.979

Sheet Gas
A2: Parameters
A4: Cost ref date: | C4: 45473
A5: ="Esc "&YEAR(GasConn_CostRefDate)&" to "&YEAR(Date_Current) -> Esc 2024 to 2026 | C5: =VLOOKUP(Date_Current,CPI_Historic_table,2,TRUE)/VLOOKUP(GasConn_CostRefDate,CPI_Historic_table,2,TRUE) -> 1.0548698
A7: Compressors | C7: 4.7 | D7: $M/MW | E7: GHD for AEMO Jun24
C8: =C7*C5 -> 4.9578882 | D8: ="$"&YEAR(Date_Current) -> $2026
A11: Pipe | C11: 100000 | D11: $/in/km | E11: GHD for AEMO Jun24
C12: =C11*C5 -> 105486.98 | D12: ="$"&YEAR(Date_Current) -> $2026
A15: Land | C15: =LandCost_DollarsPerHa/1000000 -> 0.53625 | D15: $M/Ha | E15: Compressor station land. Pipeline easement cost not calculated. Gas receival station included in powerplant land
B17: Area: | C17: 5 | D17: Ha | E17: For gas compressor station aat top of lateral
A19: Pipeline distance | C19: =VLOOKUP(SiteLocation,PipelineDistanceTable,2,FALSE) -> 15.875 | D19: km
A21: Fat lateral case (for gas only configs)
A22: Storage hours | C22: 14 | D22: hours | G22: Storage is the length of a 36 inch pipe needed to contain the required fuel for a run, between the two pressure ranges
A23: Recharge hours | C23: 24 | D23: hours
A24: Allowance for facilities | C24: 2 | D24: $M | G24: A nominal allowance
A25: Min lateral pressure higher than engine/GT pressure | C25: 5 | D25: Bar
K37: =COLUMN()-COLUMN(A40)+1 -> 11 | T37: =COLUMN()-COLUMN(A40)+1 -> 20
A38: Configuration | K38: Compressor | N38: Lateral | P38: Cost, $M
B39: Net MW | C39: LHV HR | D39: HHV HR | E39: GJ/h | F39: kg/s | G39: ="GJ for "&NG_FatLateralStorageHours&" hours" -> GJ for 14 hours | I39: kg/s recharge | J39: Power, MW | K39: MDQ | L39: GT/Engine P ratio | M39: Pmin Mpa | N39: km | P39: Compressors | Q39: Pipe | R39: Facilities | S39: Comp land | T39: Total | U39: $/kW
A40: SCGT _GT13E2 _GasOnly | B40: =HLOOKUP($A40,ConfigParamsTable,ConfigRow_NetMW,FALSE) -> 341.18866 | C40: =HLOOKUP($A40,ConfigParamsTable,ConfigRow_NetHR,FALSE)*1000 -> 9771 | D40: =C40*NG_HHVonLHV -> 10816.497 | E40: =D40*B40/1000 -> 3690.4661 | F40: =E40/NG_GJperT/3.6 -> 20.50259 | G40: =E40*NG_FatLateralStorageHours -> 51666.526 | I40: =F40*NG_FatLateralStorageHours/NG_FatLateralRechargeHours -> 11.959844 | J40: =I40*$C$107/1000 -> 3.7255175 | K40: =I40*3.6*24*NG_GJperT -> 51666.526 | L40: =HLOOKUP($A40,ConfigParamsTable,ConfigRow_GasBara,FALSE) -> 26.6 | M40: =(L40+NG_LateralPRessureMargin_Bar)*101.325/1000 -> 3.20187 | N40: =MAX(GasConns_PipelineDistance,G40/VLOOKUP(M40,Gas!$B$127:$D$131,3,TRUE)) -> 20.92949 | P40: =J40*$C$8 -> 18.470699 | Q40: =N40*$C$12*36/1000000 -> 79.480393 | R40: =NG_FacilitiesCapex_DollarsMillions -> 2 | S40: =$C$17*$C$15 -> 2.68125 | T40: =SUM(P40:S40) -> 102.63234 | U40: =T40/B40*1000 -> 300.80819
A41: SCGT _SGT5-2000E _GasOnly | B41: =HLOOKUP($A41,ConfigParamsTable,ConfigRow_NetMW,FALSE) -> 347.77304 | C41: =HLOOKUP($A41,ConfigParamsTable,ConfigRow_NetHR,FALSE)*1000 -> 10057 | D41: =C41*NG_HHVonLHV -> 11133.099 | E41: =D41*B41/1000 -> 3871.7917 | F41: =E41/NG_GJperT/3.6 -> 21.509954 | G41: =E41*NG_FatLateralStorageHours -> 54205.084 | I41: =F41*NG_FatLateralStorageHours/NG_FatLateralRechargeHours -> 12.547473 | J41: =I41*$C$107/1000 -> 3.9085653 | K41: =I41*3.6*24*NG_GJperT -> 54205.084 | L41: =HLOOKUP($A41,ConfigParamsTable,ConfigRow_GasBara,FALSE) -> 20.75 | M41: =(L41+NG_LateralPRessureMargin_Bar)*101.325/1000 -> 2.6091187 | N41: =MAX(GasConns_PipelineDistance,G41/VLOOKUP(M41,Gas!$B$127:$D$131,3,TRUE)) -> 18.833611 | P41: =J41*$C$8 -> 19.37823 | Q41: =N41*$C$12*36/1000000 -> 71.521229 | R41: =NG_FacilitiesCapex_DollarsMillions -> 2 | S41: =$C$17*$C$15 -> 2.68125 | T41: =SUM(P41:S41) -> 95.580709 | U41: =T41/B41*1000 -> 274.83645
A42: SCGT _1x9FA _GasOnly | B42: =HLOOKUP($A42,ConfigParamsTable,ConfigRow_NetMW,FALSE) -> 258.3028 | C42: =HLOOKUP($A42,ConfigParamsTable,ConfigRow_NetHR,FALSE)*1000 -> 9608 | D42: =C42*NG_HHVonLHV -> 10636.056 | E42: =D42*B42/1000 -> 2747.323 | F42: =E42/NG_GJperT/3.6 -> 15.262906 | G42: =E42*NG_FatLateralStorageHours -> 38462.522 | I42: =F42*NG_FatLateralStorageHours/NG_FatLateralRechargeHours -> 8.9033616 | J42: =I42*$C$107/1000 -> 2.7734166 | K42: =I42*3.6*24*NG_GJperT -> 38462.522 | L42: =HLOOKUP($A42,ConfigParamsTable,ConfigRow_GasBara,FALSE) -> 28.37 | M42: =(L42+NG_LateralPRessureMargin_Bar)*101.325/1000 -> 3.3812153 | N42: =MAX(GasConns_PipelineDistance,G42/VLOOKUP(M42,Gas!$B$127:$D$131,3,TRUE)) -> 15.875 | P42: =J42*$C$8 -> 13.750289 | Q42: =N42*$C$12*36/1000000 -> 60.285811 | R42: =NG_FacilitiesCapex_DollarsMillions -> 2 | S42: =$C$17*$C$15 -> 2.68125 | T42: =SUM(P42:S42) -> 78.71735 | U42: =T42/B42*1000 -> 304.74835
A43: SCGT _LM2500 _GasOnly | B43: =HLOOKUP($A43,ConfigParamsTable,ConfigRow_NetMW,FALSE) -> 380.22583 | C43: =HLOOKUP($A43,ConfigParamsTable,ConfigRow_NetHR,FALSE)*1000 -> 9392 | D43: =C43*NG_HHVonLHV -> 10396.944 | E43: =D43*B43/1000 -> 3953.1867 | F43: =E43/NG_GJperT/3.6 -> 21.962148 | G43: =E43*NG_FatLateralStorageHours -> 55344.613 | I43: =F43*NG_FatLateralStorageHours/NG_FatLateralRechargeHours -> 12.811253 | J43: =I43*$C$107/1000 -> 3.9907333 | K43: =I43*3.6*24*NG_GJperT -> 55344.613 | L43: =HLOOKUP($A43,ConfigParamsTable,ConfigRow_GasBara,FALSE) -> 37.61 | M43: =(L43+NG_LateralPRessureMargin_Bar)*101.325/1000 -> 4.3174582 | N43: =MAX(GasConns_PipelineDistance,G43/VLOOKUP(M43,Gas!$B$127:$D$131,3,TRUE)) -> 24.672353 | P43: =J43*$C$8 -> 19.78561 | Q43: =N43*$C$12*36/1000000 -> 93.694036 | R43: =NG_FacilitiesCapex_DollarsMillions -> 2 | S43: =$C$17*$C$15 -> 2.68125 | T43: =SUM(P43:S43) -> 118.1609 | U43: =T43/B43*1000 -> 310.76504
A44: SCGT _LM6000 _GasOnly | B44: =HLOOKUP($A44,ConfigParamsTable,ConfigRow_NetMW,FALSE) -> 264.0863 | C44: =HLOOKUP($A44,ConfigParamsTable,ConfigRow_NetHR,FALSE)*1000 -> 8980 | D44: =C44*NG_HHVonLHV -> 9940.86 | E44: =D44*B44/1000 -> 2625.245 | F44: =E44/NG_GJperT/3.6 -> 14.584694 | G44: =E44*NG_FatLateralStorageHours -> 36753.43 | I44: =F44*NG_FatLateralStorageHours/NG_FatLateralRechargeHours -> 8.5077383 | J44: =I44*$C$107/1000 -> 2.6501791 | K44: =I44*3.6*24*NG_GJperT -> 36753.43 | L44: =HLOOKUP($A44,ConfigParamsTable,ConfigRow_GasBara,FALSE) -> 50.91 | M44: =(L44+NG_LateralPRessureMargin_Bar)*101.325/1000 -> 5.6650808 | N44: =MAX(GasConns_PipelineDistance,G44/VLOOKUP(M44,Gas!$B$127:$D$131,3,TRUE)) -> 18.272147 | P44: =J44*$C$8 -> 13.139292 | Q44: =N44*$C$12*36/1000000 -> 69.389053 | R44: =NG_FacilitiesCapex_DollarsMillions -> 2 | S44: =$C$17*$C$15 -> 2.68125 | T44: =SUM(P44:S44) -> 87.209595 | U44: =T44/B44*1000 -> 330.23142
A45: SCGT _LMS100 _GasOnly | B45: =HLOOKUP($A45,ConfigParamsTable,ConfigRow_NetMW,FALSE) -> 356.22232 | C45: =HLOOKUP($A45,ConfigParamsTable,ConfigRow_NetHR,FALSE)*1000 -> 8720 | D45: =C45*NG_HHVonLHV -> 9653.04 | E45: =D45*B45/1000 -> 3438.6283 | F45: =E45/NG_GJperT/3.6 -> 19.103491 | G45: =E45*NG_FatLateralStorageHours -> 48140.796 | I45: =F45*NG_FatLateralStorageHours/NG_FatLateralRechargeHours -> 11.143703 | J45: =I45*$C$107/1000 -> 3.4712878 | K45: =I45*3.6*24*NG_GJperT -> 48140.796 | L45: =HLOOKUP($A45,ConfigParamsTable,ConfigRow_GasBara,FALSE) -> 60.21 | M45: =(L45+NG_LateralPRessureMargin_Bar)*101.325/1000 -> 6.6074033 | N45: =MAX(GasConns_PipelineDistance,G45/VLOOKUP(M45,Gas!$B$127:$D$131,3,TRUE)) -> 30.302004 | P45: =J45*$C$8 -> 17.210257 | Q45: =N45*$C$12*36/1000000 -> 115.07281 | R45: =NG_FacilitiesCapex_DollarsMillions -> 2 | S45: =$C$17*$C$15 -> 2.68125 | T45: =SUM(P45:S45) -> 136.96432 | U45: =T45/B45*1000 -> 384.49111
A46: CCGT _9FA _GasOnly | B46: =HLOOKUP($A46,ConfigParamsTable,ConfigRow_NetMW,FALSE) -> 389.58109 | C46: =HLOOKUP($A46,ConfigParamsTable,ConfigRow_NetHR,FALSE)*1000 -> 6318 | D46: =C46*NG_HHVonLHV -> 6994.026 | E46: =D46*B46/1000 -> 2724.7402 | F46: =E46/NG_GJperT/3.6 -> 15.137446 | G46: =E46*NG_FatLateralStorageHours -> 38146.363 | I46: =F46*NG_FatLateralStorageHours/NG_FatLateralRechargeHours -> 8.8301767 | J46: =I46*$C$107/1000 -> 2.7506193 | K46: =I46*3.6*24*NG_GJperT -> 38146.363 | L46: =HLOOKUP($A46,ConfigParamsTable,ConfigRow_GasBara,FALSE) -> 28.37 | M46: =(L46+NG_LateralPRessureMargin_Bar)*101.325/1000 -> 3.3812153 | N46: =MAX(GasConns_PipelineDistance,G46/VLOOKUP(M46,Gas!$B$127:$D$131,3,TRUE)) -> 15.875 | P46: =J46*$C$8 -> 13.637263 | Q46: =N46*$C$12*36/1000000 -> 60.285811 | R46: =NG_FacilitiesCapex_DollarsMillions -> 2 | S46: =$C$17*$C$15 -> 2.68125 | T46: =SUM(P46:S46) -> 78.604324 | U46: =T46/B46*1000 -> 201.76627
A47: CCGT _GT13E2 _GasOnly | B47: =HLOOKUP($A47,ConfigParamsTable,ConfigRow_NetMW,FALSE) -> 489.27209 | C47: =HLOOKUP($A47,ConfigParamsTable,ConfigRow_NetHR,FALSE)*1000 -> 6818 | D47: =C47*NG_HHVonLHV -> 7547.526 | E47: =D47*B47/1000 -> 3692.7939 | F47: =E47/NG_GJperT/3.6 -> 20.515521 | G47: =E47*NG_FatLateralStorageHours -> 51699.114 | I47: =F47*NG_FatLateralStorageHours/NG_FatLateralRechargeHours -> 11.967387 | J47: =I47*$C$107/1000 -> 3.7278673 | K47: =I47*3.6*24*NG_GJperT -> 51699.114 | L47: =HLOOKUP($A47,ConfigParamsTable,ConfigRow_GasBara,FALSE) -> 26.6 | M47: =(L47+NG_LateralPRessureMargin_Bar)*101.325/1000 -> 3.20187 | N47: =MAX(GasConns_PipelineDistance,G47/VLOOKUP(M47,Gas!$B$127:$D$131,3,TRUE)) -> 20.942691 | P47: =J47*$C$8 -> 18.482349 | Q47: =N47*$C$12*36/1000000 -> 79.530525 | R47: =NG_FacilitiesCapex_DollarsMillions -> 2 | S47: =$C$17*$C$15 -> 2.68125 | T47: =SUM(P47:S47) -> 102.69412 | U47: =T47/B47*1000 -> 209.89164
A48: RECIP _Jenbacher _GasOnly | B48: =HLOOKUP($A48,ConfigParamsTable,ConfigRow_NetMW,FALSE) -> 245.76321 | C48: =HLOOKUP($A48,ConfigParamsTable,ConfigRow_NetHR,FALSE)*1000 -> 7836 | D48: =C48*NG_HHVonLHV -> 8674.452 | E48: =D48*B48/1000 -> 2131.8612 | F48: =E48/NG_GJperT/3.6 -> 11.843673 | G48: =E48*NG_FatLateralStorageHours -> 29846.057 | I48: =F48*NG_FatLateralStorageHours/NG_FatLateralRechargeHours -> 6.9088095 | J48: =I48*$C$107/1000 -> 2.1521092 | K48: =I48*3.6*24*NG_GJperT -> 29846.057 | L48: =HLOOKUP($A48,ConfigParamsTable,ConfigRow_GasBara,FALSE) -> 11.35 | M48: =(L48+NG_LateralPRessureMargin_Bar)*101.325/1000 -> 1.6566638 | N48: =MAX(GasConns_PipelineDistance,G48/VLOOKUP(M48,Gas!$B$127:$D$131,3,TRUE)) -> 15.875 | P48: =J48*$C$8 -> 10.669917 | Q48: =N48*$C$12*36/1000000 -> 60.285811 | R48: =NG_FacilitiesCapex_DollarsMillions -> 2 | S48: =$C$17*$C$15 -> 2.68125 | T48: =SUM(P48:S48) -> 75.636978 | U48: =T48/B48*1000 -> 307.76362
A49: RECIP _Wartsila _GasOnly | B49: =HLOOKUP($A49,ConfigParamsTable,ConfigRow_NetMW,FALSE) -> 217.40799 | C49: =HLOOKUP($A49,ConfigParamsTable,ConfigRow_NetHR,FALSE)*1000 -> 7868 | D49: =C49*NG_HHVonLHV -> 8709.876 | E49: =D49*B49/1000 -> 1893.5966 | F49: =E49/NG_GJperT/3.6 -> 10.519981 | G49: =E49*NG_FatLateralStorageHours -> 26510.353 | I49: =F49*NG_FatLateralStorageHours/NG_FatLateralRechargeHours -> 6.1366557 | J49: =I49*$C$107/1000 -> 1.9115817 | K49: =I49*3.6*24*NG_GJperT -> 26510.353 | L49: =HLOOKUP($A49,ConfigParamsTable,ConfigRow_GasBara,FALSE) -> 6.993 | M49: =(L49+NG_LateralPRessureMargin_Bar)*101.325/1000 -> 1.2151907 | N49: =MAX(GasConns_PipelineDistance,G49/VLOOKUP(M49,Gas!$B$127:$D$131,3,TRUE)) -> 15.875 | P49: =J49*$C$8 -> 9.4774082 | Q49: =N49*$C$12*36/1000000 -> 60.285811 | R49: =NG_FacilitiesCapex_DollarsMillions -> 2 | S49: =$C$17*$C$15 -> 2.68125 | T49: =SUM(P49:S49) -> 74.444469 | U49: =T49/B49*1000 -> 342.41828
A51: Skinny lateral case (for DF configs)
A52: Config as above except no compressor station needed. Length is the pipeline distance and diameter simply based on typical flow velocity
A53: Flow velocity | B53: 7 | C53: m/s
A54: Reference pressure (typ) | B54: 5 | C54: MPa | D54: DBNGP is MAOP 8.48 Mpag
P55: Cost, $M
A56: Configuration | B56: Net MW | C56: LHV HR | D56: HHV HR | E56: GJ/h | F56: kg/s | G56: m3/s | H56: Dia theor, mm | I56: Dia inches | K56: MDQ | N56: km | P56: Compressors | Q56: Pipe | R56: Facilities | S56: Comp land | T56: Total | U56: $/kW
A57: SCGT _GT13E2 _DF | B57: =HLOOKUP($A57,ConfigParamsTable,ConfigRow_NetMW,FALSE) -> 341.18866 | C57: =HLOOKUP($A57,ConfigParamsTable,ConfigRow_NetHR,FALSE)*1000 -> 9771 | D57: =C57*NG_HHVonLHV -> 10816.497 | E57: =D57*B57/1000 -> 3690.4661 | F57: =E57/NG_GJperT/3.6 -> 20.50259 | G57: =F57/VLOOKUP(GasConn_SkinnyLateral_RefPressureMPA,$A$113:$C$118,3,FALSE) -> 0.578124 | H57: =SQRT(4*G57/3.14159/GasConn_SkinnyLateralVelocity)*1000 -> 324.27743 | I57: =_xlfn.XLOOKUP(H57,$D$136:$D$140,$E$136:$E$140,,1) -> 16 | K57: 0 | N57: =GasConns_PipelineDistance -> 15.875 | P57: 0 | Q57: =N57*$C$12*I57/1000000 -> 26.793694 | R57: =NG_FacilitiesCapex_DollarsMillions -> 2 | S57: 0 | T57: =SUM(P57:S57) -> 28.793694 | U57: =T57/B57*1000 -> 84.392294
A58: SCGT _SGT5-2000E _DF | B58: =HLOOKUP($A58,ConfigParamsTable,ConfigRow_NetMW,FALSE) -> 347.77304 | C58: =HLOOKUP($A58,ConfigParamsTable,ConfigRow_NetHR,FALSE)*1000 -> 10057 | D58: =C58*NG_HHVonLHV -> 11133.099 | E58: =D58*B58/1000 -> 3871.7917 | F58: =E58/NG_GJperT/3.6 -> 21.509954 | G58: =F58/VLOOKUP(GasConn_SkinnyLateral_RefPressureMPA,$A$113:$C$118,3,FALSE) -> 0.60652926 | H58: =SQRT(4*G58/3.14159/GasConn_SkinnyLateralVelocity)*1000 -> 332.14835 | I58: =_xlfn.XLOOKUP(H58,$D$136:$D$140,$E$136:$E$140,,1) -> 16 | K58: 0 | N58: =GasConns_PipelineDistance -> 15.875 | P58: 0 | Q58: =N58*$C$12*I58/1000000 -> 26.793694 | R58: =NG_FacilitiesCapex_DollarsMillions -> 2 | S58: 0 | T58: =SUM(P58:S58) -> 28.793694 | U58: =T58/B58*1000 -> 82.794496
A59: SCGT _1x9FA _DF | B59: =HLOOKUP($A59,ConfigParamsTable,ConfigRow_NetMW,FALSE) -> 258.24078 | C59: =HLOOKUP($A59,ConfigParamsTable,ConfigRow_NetHR,FALSE)*1000 -> 9610 | D59: =C59*NG_HHVonLHV -> 10638.27 | E59: =D59*B59/1000 -> 2747.2352 | F59: =E59/NG_GJperT/3.6 -> 15.262418 | G59: =F59/VLOOKUP(GasConn_SkinnyLateral_RefPressureMPA,$A$113:$C$118,3,FALSE) -> 0.43036368 | H59: =SQRT(4*G59/3.14159/GasConn_SkinnyLateralVelocity)*1000 -> 279.78474 | I59: =_xlfn.XLOOKUP(H59,$D$136:$D$140,$E$136:$E$140,,1) -> 12 | K59: 0 | N59: =GasConns_PipelineDistance -> 15.875 | P59: 0 | Q59: =N59*$C$12*I59/1000000 -> 20.09527 | R59: =NG_FacilitiesCapex_DollarsMillions -> 2 | S59: 0 | T59: =SUM(P59:S59) -> 22.09527 | U59: =T59/B59*1000 -> 85.560731
A60: SCGT _LM2500 _DF | B60: =HLOOKUP($A60,ConfigParamsTable,ConfigRow_NetMW,FALSE) -> 380.22583 | C60: =HLOOKUP($A60,ConfigParamsTable,ConfigRow_NetHR,FALSE)*1000 -> 9392 | D60: =C60*NG_HHVonLHV -> 10396.944 | E60: =D60*B60/1000 -> 3953.1867 | F60: =E60/NG_GJperT/3.6 -> 21.962148 | G60: =F60/VLOOKUP(GasConn_SkinnyLateral_RefPressureMPA,$A$113:$C$118,3,FALSE) -> 0.61928006 | H60: =SQRT(4*G60/3.14159/GasConn_SkinnyLateralVelocity)*1000 -> 335.6215 | I60: =_xlfn.XLOOKUP(H60,$D$136:$D$140,$E$136:$E$140,,1) -> 16 | K60: 0 | N60: =GasConns_PipelineDistance -> 15.875 | P60: 0 | Q60: =N60*$C$12*I60/1000000 -> 26.793694 | R60: =NG_FacilitiesCapex_DollarsMillions -> 2 | S60: 0 | T60: =SUM(P60:S60) -> 28.793694 | U60: =T60/B60*1000 -> 75.727874
A61: SCGT _LM6000 _DF | B61: =HLOOKUP($A61,ConfigParamsTable,ConfigRow_NetMW,FALSE) -> 264.0813 | C61: =HLOOKUP($A61,ConfigParamsTable,ConfigRow_NetHR,FALSE)*1000 -> 8980 | D61: =C61*NG_HHVonLHV -> 9940.86 | E61: =D61*B61/1000 -> 2625.1952 | F61: =E61/NG_GJperT/3.6 -> 14.584418 | G61: =F61/VLOOKUP(GasConn_SkinnyLateral_RefPressureMPA,$A$113:$C$118,3,FALSE) -> 0.41124571 | H61: =SQRT(4*G61/3.14159/GasConn_SkinnyLateralVelocity)*1000 -> 273.49974 | I61: =_xlfn.XLOOKUP(H61,$D$136:$D$140,$E$136:$E$140,,1) -> 12 | K61: 0 | N61: =GasConns_PipelineDistance -> 15.875 | P61: 0 | Q61: =N61*$C$12*I61/1000000 -> 20.09527 | R61: =NG_FacilitiesCapex_DollarsMillions -> 2 | S61: 0 | T61: =SUM(P61:S61) -> 22.09527 | U61: =T61/B61*1000 -> 83.66844
A62: SCGT _LMS100 _DF | B62: =HLOOKUP($A62,ConfigParamsTable,ConfigRow_NetMW,FALSE) -> 356.21732 | C62: =HLOOKUP($A62,ConfigParamsTable,ConfigRow_NetHR,FALSE)*1000 -> 8720 | D62: =C62*NG_HHVonLHV -> 9653.04 | E62: =D62*B62/1000 -> 3438.58 | F62: =E62/NG_GJperT/3.6 -> 19.103222 | G62: =F62/VLOOKUP(GasConn_SkinnyLateral_RefPressureMPA,$A$113:$C$118,3,FALSE) -> 0.53866519 | H62: =SQRT(4*G62/3.14159/GasConn_SkinnyLateralVelocity)*1000 -> 313.01538 | I62: =_xlfn.XLOOKUP(H62,$D$136:$D$140,$E$136:$E$140,,1) -> 14 | K62: 0 | N62: =GasConns_PipelineDistance -> 15.875 | P62: 0 | Q62: =N62*$C$12*I62/1000000 -> 23.444482 | R62: =NG_FacilitiesCapex_DollarsMillions -> 2 | S62: 0 | T62: =SUM(P62:S62) -> 25.444482 | U62: =T62/B62*1000 -> 71.42966
A63: CCGT _9FA _DF | B63: =HLOOKUP($A63,ConfigParamsTable,ConfigRow_NetMW,FALSE) -> 389.51309 | C63: =HLOOKUP($A63,ConfigParamsTable,ConfigRow_NetHR,FALSE)*1000 -> 6319 | D63: =C63*NG_HHVonLHV -> 6995.133 | E63: =D63*B63/1000 -> 2724.6959 | F63: =E63/NG_GJperT/3.6 -> 15.137199 | G63: =F63/VLOOKUP(GasConn_SkinnyLateral_RefPressureMPA,$A$113:$C$118,3,FALSE) -> 0.42683283 | H63: =SQRT(4*G63/3.14159/GasConn_SkinnyLateralVelocity)*1000 -> 278.63465 | I63: =_xlfn.XLOOKUP(H63,$D$136:$D$140,$E$136:$E$140,,1) -> 12 | K63: 0 | N63: =GasConns_PipelineDistance -> 15.875 | P63: 0 | Q63: =N63*$C$12*I63/1000000 -> 20.09527 | R63: =NG_FacilitiesCapex_DollarsMillions -> 2 | S63: 0 | T63: =SUM(P63:S63) -> 22.09527 | U63: =T63/B63*1000 -> 56.72536
A64: CCGT _GT13E2 _DF | B64: =HLOOKUP($A64,ConfigParamsTable,ConfigRow_NetMW,FALSE) -> 489.26709 | C64: =HLOOKUP($A64,ConfigParamsTable,ConfigRow_NetHR,FALSE)*1000 -> 6818 | D64: =C64*NG_HHVonLHV -> 7547.526 | E64: =D64*B64/1000 -> 3692.7561 | F64: =E64/NG_GJperT/3.6 -> 20.515312 | G64: =F64/VLOOKUP(GasConn_SkinnyLateral_RefPressureMPA,$A$113:$C$118,3,FALSE) -> 0.57848273 | H64: =SQRT(4*G64/3.14159/GasConn_SkinnyLateralVelocity)*1000 -> 324.37802 | I64: =_xlfn.XLOOKUP(H64,$D$136:$D$140,$E$136:$E$140,,1) -> 16 | K64: 0 | N64: =GasConns_PipelineDistance -> 15.875 | P64: 0 | Q64: =N64*$C$12*I64/1000000 -> 26.793694 | R64: =NG_FacilitiesCapex_DollarsMillions -> 2 | S64: 0 | T64: =SUM(P64:S64) -> 28.793694 | U64: =T64/B64*1000 -> 58.850665
A65: RECIP _Jenbacher _DF | B65: =HLOOKUP($A65,ConfigParamsTable,ConfigRow_NetMW,FALSE) -> 245.76321 | C65: =HLOOKUP($A65,ConfigParamsTable,ConfigRow_NetHR,FALSE)*1000 -> 7836 | D65: =C65*NG_HHVonLHV -> 8674.452 | E65: =D65*B65/1000 -> 2131.8612 | F65: =E65/NG_GJperT/3.6 -> 11.843673 | G65: =F65/VLOOKUP(GasConn_SkinnyLateral_RefPressureMPA,$A$113:$C$118,3,FALSE) -> 0.33396327 | H65: =SQRT(4*G65/3.14159/GasConn_SkinnyLateralVelocity)*1000 -> 246.46518 | I65: =_xlfn.XLOOKUP(H65,$D$136:$D$140,$E$136:$E$140,,1) -> 10 | K65: 0 | N65: =GasConns_PipelineDistance -> 15.875 | P65: 0 | Q65: =N65*$C$12*I65/1000000 -> 16.746059 | R65: =NG_FacilitiesCapex_DollarsMillions -> 2 | S65: 0 | T65: =SUM(P65:S65) -> 18.746059 | U65: =T65/B65*1000 -> 76.27691
A66: RECIP _Wartsila _DF | B66: =HLOOKUP($A66,ConfigParamsTable,ConfigRow_NetMW,FALSE) -> 217.40799 | C66: =HLOOKUP($A66,ConfigParamsTable,ConfigRow_NetHR,FALSE)*1000 -> 7868 | D66: =C66*NG_HHVonLHV -> 8709.876 | E66: =D66*B66/1000 -> 1893.5966 | F66: =E66/NG_GJperT/3.6 -> 10.519981 | G66: =F66/VLOOKUP(GasConn_SkinnyLateral_RefPressureMPA,$A$113:$C$118,3,FALSE) -> 0.29663832 | H66: =SQRT(4*G66/3.14159/GasConn_SkinnyLateralVelocity)*1000 -> 232.28429 | I66: =_xlfn.XLOOKUP(H66,$D$136:$D$140,$E$136:$E$140,,1) -> 10 | K66: 0 | N66: =GasConns_PipelineDistance -> 15.875 | P66: 0 | Q66: =N66*$C$12*I66/1000000 -> 16.746059 | R66: =NG_FacilitiesCapex_DollarsMillions -> 2 | S66: 0 | T66: =SUM(P66:S66) -> 18.746059 | U66: =T66/B66*1000 -> 86.225251
K68: In DF cases the RCP is certified on distillate. That the plant might elsewise run on gas does not charge MDQ against the RCP function. That is assumed from Portfolio gas the generator may have. MDQ=0 for RCP
A71: DBNGP tariff | J71: https://www.erawa.com.au/access/gas-access/dampier-to-bunbury-natural-gas-pipeline/tariff-variations
B73: $/GJ/day
A74: DBNGP tariff | B74: 1.818828
A80: Gas cost for WC calc
A81: Working capital is minor factor. Only an approximate cost is necessary
A82: Assumed gas cost | B82: 13.92 | C82: $/GJ | D82: EPWA non-residential pricing 2026-27. Will over-estimate costs to a power generator, but adopted
D83: https://www.wa.gov.au/organisation/energy-policy-wa/business-and-government-gas-pricing
A89: Factors used in calcs
A90: HHV/LHV | B90: 1.107
A91: GJ/tonne | B91: 50
A95: Gas commpressor | C95: One stage
B96: k | C96: 1.31
B97: Tin | C97: 41 | D97: C | E97: =C97+273.15 -> 314.15
B98: P2 | C98: 13 | D98: MPa | E98: MAOP - a margin
B99: P1 | C99: 3 | D99: MPa
B100: P2/P1 | C100: =(C98+0.101325)/(C99+0.101325) -> 4.2244283
B101: T2/T1 | C101: =C100^((C96-1)/C96) -> 1.4063146
B102: T2 | C102: =E102-273.15 -> 168.64374 | E102: =C101*E97 -> 441.79374
B104: M | C104: 3.6 | E104: t/h
B105: Pis | C105: =2.31*C96/(C96-1)*(C102-C97)/16*C104 -> 280.35197 | D105: kW | E105: per (kg/s)
B106: effic | C106: 0.9
B107: Pis | C107: =C105/C106 -> 311.50218 | D107: kW | E107: per (kg/s)
A110: Natural gas at 41C
A111: P | B111: Z | C111: Density
A112: Mpa | C112: kg/m3
A113: 13 | B113: 0.8478 | C113: 99.417
A114: 6 | B114: 0.875 | C114: 48.905
A115: 5 | B115: 0.9254 | C115: 35.464
A116: 4 | B116: 0.9391 | C116: 28.096
A117: 3 | B117: 0.9533 | C117: 20.929
A118: 1 | B118: 0.9767 | C118: 7.909
A120: Pipe | B120: 36 | C120: inch
B121: 894.94 | C121: mm ID
B122: =3.14159*(B121/1000)^2/4 -> 0.62903868 | C122: m2
B123: =B122*1000 -> 629.03868 | C123: m3/km
B125: Storage/km
B126: Mpa LP from 13 Mpa | C126: kg/km | D126: GJ/km
B127: 1 | C127: =$B$123*($C$113-$C118) -> 57562.072 | D127: =C127*NG_GJperT/1000 -> 2878.1036
B128: 3 | C128: =$B$123*($C$113-$C117) -> 49371.988 | D128: =C128*NG_GJperT/1000 -> 2468.5994
B129: 4 | C129: =$B$123*($C$113-$C116) -> 44863.668 | D129: =C129*NG_GJperT/1000 -> 2243.1834
B130: 5 | C130: =$B$123*($C$113-$C115) -> 40228.911 | D130: =C130*NG_GJperT/1000 -> 2011.4455
B131: 6 | C131: =$B$123*($C$113-$C114) -> 31774.002 | D131: =C131*NG_GJperT/1000 -> 1588.7001
B134: Skinny pipe diameters
B135: Nominal Size (NPS), in | C135: Outside Diameter (mm) | D135: Approximate Internal Diameter (mm) | E135: Nominal Size (NPS), in
B136: 8 | C136: 219.1 | D136: 194 | E136: 8
B137: 10 | C137: 273.1 | D137: 247 | E137: 10
B138: 12 | C138: 323.9 | D138: 295 | E138: 12
B139: 14 | C139: 355.6 | D139: 324 | E139: 14
B140: 16 | C140: 406.4 | D140: 371 | E140: 16

Sheet Distillate
A1: Data for LOCATION: PERTH
A2: Time is native time for database (UTC+0)
A3: Terminal Gate Price for Automotive Distillate in Australia, AUD cents per litre including GST
A4: Citation: Shell Australia and Viva Energy website, ad-hoc times
B5: PRICE c/L | D5: Excise | F5: Less GST and excise
A6: 45664 | B6: 171.69 | D6: 50 | F6: =B6/1.1-D6 -> 106.08182 | I6: Average | J6: =AVERAGE(F6:F28) -> 99.304347 | K6: c/L
A7: 45670 | B7: 172.49001 | D7: 50 | F7: =B7/1.1-D7 -> 106.8091 | I7: Add allowance for transport etc | J7: 20 | K7: c/L | L7: Transport to PS plus margin
A8: 45683 | B8: 179.14 | D8: 50 | F8: =B8/1.1-D8 -> 112.85454 | I8: Delivered cost | J8: =J6+J7 -> 119.30435 | K8: c/L
A9: 45696 | B9: 172.3 | D9: 50.8 | F9: =B9/1.1-D9 -> 105.83637 | I9: Density | J9: 0.85 | K9: kg/L
A10: 45704 | B10: 170.95 | D10: 50.8 | F10: =B10/1.1-D10 -> 104.60909 | I10: HHV | J10: 45.6 | K10: GJ/t
A11: 45718 | B11: 169.05 | D11: 50.8 | F11: =B11/1.1-D11 -> 102.88182 | I11: Cost | J11: =J8/100*1000/J9/J10 -> 30.780275 | K11: $/GJ
A12: 45723 | B12: 166.86 | D12: 50.8 | F12: =B12/1.1-D12 -> 100.89091
A13: 45738 | B13: 163.06 | D13: 50.8 | F13: =B13/1.1-D13 -> 97.436361
A14: 45765 | B14: 157.38 | D14: 50.8 | F14: =B14/1.1-D14 -> 92.272732
A15: 45775 | B15: 158.14999 | D15: 50.8 | F15: =B15/1.1-D15 -> 92.972722
A16: 45801 | B16: 156.64999 | D16: 50.8 | F16: =B16/1.1-D16 -> 91.609085
A17: 45814 | B17: 155.78999 | D17: 50.8 | F17: =B17/1.1-D17 -> 90.827267
A18: 45825 | B18: 159.42999 | D18: 50.8 | F18: =B18/1.1-D18 -> 94.136357
A19: 45843 | B19: 162.98 | D19: 50.8 | F19: =B19/1.1-D19 -> 97.363632
A20: 45873 | B20: 169.22 | D20: 51.6 | F20: =B20/1.1-D20 -> 102.23636
A21: 45891 | B21: 161.38 | D21: 51.6 | F21: =B21/1.1-D21 -> 95.109095
A22: 45902 | B22: 163.42999 | D22: 51.6 | F22: =B22/1.1-D22 -> 96.972721
A23: 45919 | B23: 164.33 | D23: 51.6 | F23: =B23/1.1-D23 -> 97.790911
... A28: 46015 | B28: 155.78999 | D28: 51.6 | F28: =B28/1.1-D28 -> 90.027267

Sheet CPI_FX
A2: Sources:
B3: Historical CPI | C3: RBA | D3: https://www.rba.gov.au/statistics/tables/xls/g01hist.xlsx?v=2026-07-22-16-00-57
B4: Projected CPI
B5: Historical fx | C5: RBA | D5: https://www.rba.gov.au/statistics/tables/xls-hist/2023-current.xls?v=2026-07-02-11-27-20
A13: F11.1 EXCHANGE RATES | F13: G1 CONSUMER PRICE INFLATION | U13: Index
A14: Title | B14: A$1=USD | F14: Title | G14: Consumer price index | S14: 46022 | T14: 0.036 | U14: =G438 -> 100.32
A15: Description | B15: AUD/USD Exchange Rate; see notes for further detail. | F15: Description | G15: Consumer price index; All groups | S15: 46203 | T15: 0.048 | U15: =U14*(1+T15/2) -> 102.72768
A16: Frequency | B16: Daily | F16: Frequency | G16: Quarterly | S16: 46387 | T16: 0.04 | U16: =U15*(1+T16/2) -> 104.78223
A17: Type | B17: Indicative | F17: Type | G17: Original | S17: 46568 | T17: 0.024 | U17: =U16*(1+T17/2) -> 106.03962
A18: Units | B18: USD | F18: Units | G18: Index, September 2025 month = 100 | S18: 46752 | T18: 0.024 | U18: =U17*(1+T18/2) -> 107.3121
S19: 46934 | T19: 0.025 | U19: =U18*(1+T19/2) -> 108.6535
S20: 47118 | T20: 0.025 | U20: =U19*(1+T20/2) -> 110.01167 | V20: Assume mid range of target band
A21: Source | B21: WM/Reuters | F21: Source | G21: ABS / RBA | S21: 47299 | T21: 0.025 | U21: =U20*(1+T21/2) -> 111.38681 | V21: Assume mid range of target band
A22: Publication date | B22: 46224 | F22: Publication date | G22: 30-Apr-2026 | S22: 47483 | T22: 0.025 | U22: =U21*(1+T22/2) -> 112.77915 | V22: Assume mid range of target band
A23: Series ID | B23: FXRUSD | F23: Series ID | G23: GCPIAG
A24: 44929 | B24: 0.6828 | F24: 8217 | G24: 1.93
A25: 44930 | B25: 0.6809 | F25: 8309 | G25: 1.93
A26: 44931 | B26: 0.6815 | F26: 8401 | G26: 1.91
A27: 44932 | B27: 0.6769 | F27: 8491 | G27: 1.92
A28: 44935 | B28: 0.6929 | F28: 8582 | G28: 1.98
A29: 44936 | B29: 0.6904 | F29: 8674 | G29: 2
A30: 44937 | B30: 0.6911 | F30: 8766 | G30: 2
A31: 44938 | B31: 0.6923 | F31: 8857 | G31: 1.94
A32: 44939 | B32: 0.6955 | F32: 8948 | G32: 1.94
A33: 44942 | B33: 0.6988 | F33: 9040 | G33: 1.93
A34: 44943 | B34: 0.6973 | F34: 9132 | G34: 1.93
A35: 44944 | B35: 0.6994 | F35: 9222 | G35: 1.96
... A439: 45532 | B439: 0.6789 | F439: 46112 | G439: 101.7
A440: 45533 | B440: 0.6807
A441: 45534 | B441: 0.6806
A442: 45537 | B442: 0.6766
A443: 45538 | B443: 0.6741
A444: 45539 | B444: 0.6704
A445: 45540 | B445: 0.6723
A446: 45541 | B446: 0.6724
A447: 45544 | B447: 0.6668
A448: 45545 | B448: 0.6668
A449: 45546 | B449: 0.6659
A450: 45547 | B450: 0.6693
A451: 45548 | B451: 0.6722
... A914: 46224 | B914: 0.7009

Sheet IASR
A1: 2026 ISP Inputs and Assumptions Workbook
A2: 46198
A3: https://www.aemo.com.au/-/media/files/major-publications/isp/2026/supporting-materials/2026-isp-inputs-and-assumptions-workbook.xlsm?rev=de6f5853cd5e4d5cbb06bc90bdf0e378&sc_lang=en
A5: Filtered to only include relevant technologies, and for 'Step change'
A6: Capital cost projections ($/kW, real 2025 dollars)
A7: Cost to construct new generation, excluding connection costs where these are provided in the Connection cost tab.
A8: These capital cost trajectories are developed by CSIRO's GALLM (see GenCost 2025-26 Consultation draft for more details) based on the technology specific capital cost estimates provided by GHD (2025 Energy Technology Cost and Technical Parameter Review).
A9: To calculate the capital costs of these technologies elsewhere in Australia, multiply these capacital cost with the appropriate locational cost factor given in the Locational Cost Factors worksheet.
A10: The build costs do not include costs associated with expanded transmission access or additional costs incurred when development within a REZ exceeds technology limits. Details on these additional costs are found in the Build limits tab.
A11: The financial years in table are mapped to the preceding calendar year in the GenCost 2025-26 Consultation Draft.
A13: Build costs | E13: 2 | F13: 3 | G13: 4 | H13: 5 | I13: 6 | J13: 7 | K13: 8
A14: Technology1 | B14: GenCost Scenario | C14: IASR Scenario | D14: Source | E14: 2024-25 | F14: 2025-26 | G14: 2026-27 | H14: 2027-28 | I14: 2028-29 | J14: 2029-30 | K14: 2030-31 | M14: 2026-27 cost excluding land and connections | N14: Calculated. Applied since Thermoflow costs do not include these elements and they are applied later
A15: OCGT (small GT) | B15: GenCost Global NZE post 2050 | C15: Step Change | D15: CSIRO GenCost 2025-26 Consultation Draft | E15: Not Applicable | F15: 2914 | G15: 2777 | H15: 2645 | I15: 2523 | J15: 2412 | K15: 2309 | M15: =G15*(B78+E78)/(B78+C78+D78+E78) -> 2429.7686
A16: OCGT (large GT) | B16: GenCost Global NZE post 2050 | C16: Step Change | D16: CSIRO GenCost 2025-26 Consultation Draft | E16: Not Applicable | F16: 1764 | G16: 1681 | H16: 1602 | I16: 1528 | J16: 1460 | K16: 1398 | M16: =G16*(B79+E79)/(B79+C79+D79+E79) -> 1438.6076
A17: Gas recip | B17: GenCost Global NZE post 2050 | F17: 2022 | G17: 2022 | H17: 2012 | I17: 2012 | J17: 2015 | K17: 2019 | M17: =G17*(B81+E81)/(B81+C81+D81+E81) -> 1809.7497 | N17: Not in IASR. Taken from CSIRO GenCost 2025_26
A18: CCGT | B18: GenCost Global NZE post 2050 | C18: Step Change | D18: CSIRO GenCost 2025-26 Consultation Draft | E18: Not Applicable | F18: 2497 | G18: 2433 | H18: 2370 | I18: 2308 | J18: 2250 | K18: 2194 | M18: =G18*(B81+E81)/(B81+C81+D81+E81) -> 2177.6068
A19: Large scale Solar PV | B19: GenCost Global NZE post 2050 | C19: Step Change | D19: CSIRO GenCost 2025-26 Consultation Draft | E19: Not Applicable | F19: 1621 | G19: 1381 | H19: 1187 | I19: 1066 | J19: 989 | K19: 930 | M19: =G19*(B82+E82)/(B82+C82+D82+E82) -> 1302.8302
A20: Battery storage (4hrs storage) | B20: GenCost Global NZE post 2050 | C20: Step Change | D20: CSIRO GenCost 2025-26 Consultation Draft | E20: Not Applicable | F20: 1540 | G20: 1424 | H20: 1332 | I20: 1264 | J20: 1208 | K20: 1180 | M20: =G20*(B83+E83)/(B83+C83+D83+E83) -> 1381.378
A21: Battery storage (6hrs storage) | F21: =(6-4)/(8-4)*(F23-F20)+F20 -> 2002 | G21: =(6-4)/(8-4)*(G23-G20)+G20 -> 1852 | H21: =(6-4)/(8-4)*(H23-H20)+H20 -> 1738 | I21: =(6-4)/(8-4)*(I23-I20)+I20 -> 1648 | J21: =(6-4)/(8-4)*(J23-J20)+J20 -> 1576 | K21: =(6-4)/(8-4)*(K23-K20)+K20 -> 1538 | M21: =G21*(B84+E84)/(B84+C84+D84+E84) -> 1807.1356 | N21: Interpolated
A22: Battery storage (7hrs storage) | F22: =(7-4)/(8-4)*(F23-F20)+F20 -> 2233 | G22: =(7-4)/(8-4)*(G23-G20)+G20 -> 2066 | H22: =(7-4)/(8-4)*(H23-H20)+H20 -> 1941 | I22: =(7-4)/(8-4)*(I23-I20)+I20 -> 1840 | J22: =(7-4)/(8-4)*(J23-J20)+J20 -> 1760 | K22: =(7-4)/(8-4)*(K23-K20)+K20 -> 1717 | M22: =G22*(B85+E85)/(B85+C85+D85+E85) -> 2021.8461 | N22: Interpolated
A23: Battery storage (8hrs storage) | B23: GenCost Global NZE post 2050 | C23: Step Change | D23: CSIRO GenCost 2025-26 Consultation Draft | E23: Not Applicable | F23: 2464 | G23: 2280 | H23: 2144 | I23: 2032 | J23: 1944 | K23: 1896 | M23: =G23*(B86+E86)/(B86+C86+D86+E86) -> 2237.7778
A24: Wind | B24: GenCost Global NZE post 2050 | C24: Step Change | D24: CSIRO GenCost 2025-26 Consultation Draft | E24: Not Applicable | F24: 3248 | G24: 3112 | H24: 2981 | I24: 2860 | J24: 2745 | K24: 2638 | M24: =G24*(B87+E87)/(B87+C87+D87+E87) -> 3036.0976
A25: 1. To reflect short-term cost pressures, BOTN (Cethana) has been adjusted using the same factor applied to Pumped Hydro (24hrs storage) in GenCost 2024-25 Final report.
A26: 2. The capital cost for Distributed Resources Solar and Distributed Resources Batteries, as provided in the Aurecon 2024 Energy Technology Cost and Technical Parameter Review, are assumed to have the same trajectory as that of their transmission-connected counterparts.
A27: 3. AEMO will add an additonal cost to the overnight capital cost of Alkaline Electrolysers as stated in this table to represent cost associated with pipelines.
A28: 4. Distributed Resources Solar and Distributed Resources Batteries are alternate names for mid-scale generation and storage.
A32: Fixed operating and maintenance cost (real 2025 dollars)
A33: Costs that are incurred regardless of energy generated.
A35: New entrant technologies
A36: Technology Type | B36: Base value ($/kW/year))
A38: OCGT (small GT) | B38: 17.685834
A39: OCGT (large GT) | B39: 14.323408
A40: Gas recip | B40: 29.4 | C40: Not in IASR. Taken from CSIRO GenCost 2025_26
A41: CCGT | B41: 15.303012
A42: Large scale Solar PV | B42: 12.2196
A43: Battery storage (4hrs storage) | B43: 21.58796
A44: Battery storage (6hrs storage) | B44: =(6-4)/(8-4)*(B46-B43)+B43 -> 29.785275 | C44: Interpolated
A45: Battery storage (7hrs storage) | B45: =(7-4)/(8-4)*(B46-B43)+B43 -> 33.883933 | C45: Interpolated
A46: Battery storage (8hrs storage) | B46: 37.98259
A47: Wind | B47: 28.5124
A48: Notes:
A49: 1. Sourced from Aurecon 2024 Energy Technology Cost and Technical Parameter Review including cost escalation.
A50: 2. Wind, Large-Scale Solar PV and Solar Thermal Variable O&M costs are assumed to be included in the Fixed O&M costs as per Aurecon's report.
A51: 3. The cost of extended warranties are included in the Fixed O&M costs for Battery storage to cover a 20-year battery life.
A54: Variable operating and maintenance cost (real 2025 dollars)
A55: Costs that can be expressed in terms of energy generated, not including fuel costs.
A57: New entrant technologies
A58: Generator | B58: Base value
A60: OCGT (small GT) | B60: 16.39463
A61: OCGT (large GT) | B61: 8.24823
A62: Gas recip | B62: 20 | C62: Not in IASR. Jacobs
A63: CCGT | B63: 4.17503
A64: Large scale Solar PV | B64: 0
A65: Battery storage (4hrs storage) | B65: 0
A66: Battery storage (6hrs storage) | B66: =(6-4)/(8-4)*(B68-B65)+B65 -> 0 | C66: Interpolated
A67: Battery storage (7hrs storage) | B67: =(7-4)/(8-4)*(B68-B65)+B65 -> 0 | C67: Interpolated
A68: Battery storage (8hrs storage) | B68: 0
A69: Wind | B69: 0
A70: Notes:
A71: 1. Sourced from Aurecon 2024 Energy Technology Cost and Technical Parameter Review, cost adjusted.
A72: 2. Wind, Large-scale Solar PV, Solar Thermal, Pumped Hydro and Electrolyser O&M costs are assumed
A73: to be included in the Fixed O&M costs as per Aurecon's report.
A76: Technology cost breakdown ratios
A77: Technology | B77: Equipment costs | C77: Fuel connection costs | D77: Cost of land and development | E77: Installation costs | F77: Topographical cost | H77: Instalation costs excl land and connections | I77: Calculated. Applied since Thermoflow costs do not include these elements and they are applied later
A78: OCGT (small GT) | B78: 0.61247317 | C78: 0.046291776 | D78: 0.078746551 | E78: 0.2624885 | F78: Not Applicable | H78: =E78/(E78+B78) -> 0.3
A79: OCGT (large GT) | B79: 0.59906324 | C79: 0.067172953 | D79: 0.077022417 | E79: 0.25674139 | F79: Not Applicable | H79: =E79/(E79+B79) -> 0.3
A80: Gas recip | B80: 0.61247317 | C80: 0.046291776 | D80: 0.078746551 | E80: 0.2624885 | F80: Not Applicable | H80: =E80/(E80+B80) -> 0.3 | I80: Not in IASR. Assumed sim to small GT
A81: CCGT | B81: 0.62652065 | C81: 0.024417838 | D81: 0.080552656 | E81: 0.26850885 | F81: Not Applicable | H81: =E81/(E81+B81) -> 0.3
A82: Large scale Solar PV | B82: 0.56603774 | C82: 0 | D82: 0.056603774 | E82: 0.37735849 | F82: Not Applicable | H82: =E82/(E82+B82) -> 0.4
A83: Battery storage (4hrs storage) | B83: 0.80395091 | C83: 0 | D83: 0.029931158 | E83: 0.16611793 | F83: Not Applicable | H83: =E83/(E83+B83) -> 0.17124344
A84: Battery storage (6hrs storage) | B84: =(6-4)/(8-4)*(B86-B83)+B83 -> 0.80873472 | C84: =(6-4)/(8-4)*(C86-C83)+C83 -> 0 | D84: =(6-4)/(8-4)*(D86-D83)+D83 -> 0.024224838 | E84: =(6-4)/(8-4)*(E86-E83)+E83 -> 0.16704045 | H84: =E84/(E84+B84) -> 0.17118743 | I84: Interpolated
A85: Battery storage (7hrs storage) | B85: =(7-4)/(8-4)*(B86-B83)+B83 -> 0.81112662 | C85: =(7-4)/(8-4)*(C86-C83)+C83 -> 0 | D85: =(7-4)/(8-4)*(D86-D83)+D83 -> 0.021371678 | E85: =(7-4)/(8-4)*(E86-E83)+E83 -> 0.1675017 | H85: =E85/(E85+B85) -> 0.17115967 | I85: Interpolated
A86: Battery Storage (8hrs storage) | B86: 0.81351852 | C86: 0 | D86: 0.018518519 | E86: 0.16796296 | F86: Not Applicable | H86: =E86/(E86+B86) -> 0.17113208
A87: Wind | B87: 0.70379376 | C87: 0 | D87: 0.024390244 | E87: 0.27181599 | F87: Not Applicable | H87: =E87/(E87+B87) -> 0.27861139
A88: Notes:
A89: 1. Calculated from technology component costs provided in Aurecon 2024 Energy Technology Cost and Technical Parameter Review.
A93: Lead time and project life
A94: Development lead time considers the time necessary to undertake feasibility studies, secure necessary development approvals, and to construct the project. For capacity planning therefore, the lead time reflects the shortest time before a technology can commence operation.
A95: Parameters for all technologies are sourced from Aurecon 2024 Energy Technology Cost and Technical Parameter Review.
A97: Technology | B97: Lead time for development (years)1, 2 | C97: Lead time (years)3 | D97: Construction time (years) | E97: Total lead time (years)4,7 | F97: Economic life (years)5 | G97: Technical life (years)6
A98: OCGT (small GT) | B98: 2 | C98: 2 | D98: 1.5 | E98: 6 | F98: 25 | G98: 40
A99: OCGT (large GT) | B99: 2 | C99: 2 | D99: 1.1153846 | E99: 5 | F99: 25 | G99: 40
A100: Gas recip | B100: 2 | C100: 1 | D100: 1 | E100: =SUM(B100:D100) -> 4 | F100: 25 | G100: 25 | H100: Not in IASR. Jacobs
A101: CCGT | B101: 2.5 | C101: 1.75 | D101: 1.5 | E101: 6 | F101: 25 | G101: 40
A102: Large scale Solar PV | B102: 0 | C102: 1 | D102: 0.5 | E102: 2 | F102: 30 | G102: 30
A103: Battery storage (4hrs storage) | B103: 0 | C103: 1.4 | D103: 1.1538462 | E103: 3 | F103: 20 | G103: 20
A104: Battery storage (6hrs storage) | B104: =(6-4)/(8-4)*(B106-B103)+B103 -> 0 | C104: =(6-4)/(8-4)*(C106-C103)+C103 -> 1.5 | D104: =(6-4)/(8-4)*(D106-D103)+D103 -> 1.2307692 | E104: =(6-4)/(8-4)*(E106-E103)+E103 -> 3 | F104: =(6-4)/(8-4)*(F106-F103)+F103 -> 20 | G104: =(6-4)/(8-4)*(G106-G103)+G103 -> 20 | H104: Interpolated
A105: Battery storage (7hrs storage) | B105: =(7-4)/(8-4)*(B106-B103)+B103 -> 0 | C105: =(7-4)/(8-4)*(C106-C103)+C103 -> 1.55 | D105: =(7-4)/(8-4)*(D106-D103)+D103 -> 1.2692308 | E105: =(7-4)/(8-4)*(E106-E103)+E103 -> 3 | F105: =(7-4)/(8-4)*(F106-F103)+F103 -> 20 | G105: =(7-4)/(8-4)*(G106-G103)+G103 -> 20 | H105: Interpolated
A106: Battery storage (8hrs storage) | B106: 0 | C106: 1.6 | D106: 1.3076923 | E106: 3 | F106: 20 | G106: 20
A107: Wind | B107: 0 | C107: 1 | D107: 1.7307692 | E107: 3 | F107: 25 | G107: 30
A108: Notes:
A109: 1. Aurecon has assumed that lead time for development is the time to undertake feasibility studies, procurement and contract negotiations, obtain permits and approvals, secure land agreements, fuel supply and obtain financing.
A110: 2. Given existing development activity in these technologies, AEMO has assumed no lead time for development for onshore wind, batteries, large-scale solar PV, Distributed Resources Solar,and Distributed Resources Batteries.
A111: 3. Aurecon has assumed lead time as the time from issue of Notice to Proceed (NTP) to the EPC contractor up to the delivery of all major equipment to site.
A112: 4. Aurecon has provided some components of lead time in weeks or fractions of years. AEMO has rounded the total lead time to the nearest whole number of years.
A113: 5. Period of time required for the project to pay off its build costs.
A114: 6. Period of time the project is operational before life extension refurbishment or retirement may be required.
A115: 7. AEMO proposes to apply the total leadtime from the date of the Generation Information that is used in the ISP modelling

Sheet TFlow33
A1: GT PRO Classic 33.0
A2: Program revision date: July 17, 2026
A3: Note: Cost reference date is March 2025 for most configurations in current database
A5: PEACE: | G5: SCGT | H5: SCGT | I5: SCGT | J5: SCGT | K5: SCGT | L5: SCGT | M5: SCGT | N5: SCGT | O5: SCGT | P5: SCGT | Q5: SCGT | R5: SCGT | S5: CCGT | T5: CCGT | U5: CCGT | V5: CCGT | W5: RECIP | X5: RECIP | Y5: RECIP | Z5: RECIP
G6: GT13E2 | H6: GT13E2 | I6: SGT5-2000E | J6: SGT5-2000E | K6: 1x9FA | L6: 1x9FA | M6: LM2500 | N6: LM2500 | O6: LM6000 | P6: LM6000 | Q6: LMS100 | R6: LMS100 | S6: 9FA | T6: 9FA | U6: GT13E2 | V6: GT13E2 | W6: Jenbacher | X6: Jenbacher | Y6: Wartsila | Z6: Wartsila
G7: DF | H7: GasOnly | I7: DF | J7: GasOnly | K7: DF | L7: GasOnly | M7: GasOnly | N7: DF | O7: DF | P7: GasOnly | Q7: DF | R7: GasOnly | S7: DF | T7: GasOnly | U7: DF | V7: GasOnly | W7: DF | X7: GasOnly | Y7: DF | Z7: GasOnly
A8: Project Cost Summary | G8: Estimated Cost | H8: Estimated Cost | I8: Estimated Cost | J8: Estimated Cost | K8: Estimated Cost | L8: Estimated Cost | M8: Estimated Cost | N8: Estimated Cost | O8: Estimated Cost | P8: Estimated Cost | Q8: Estimated Cost | R8: Estimated Cost | S8: Estimated Cost | T8: Estimated Cost | U8: Estimated Cost | V8: Estimated Cost | W8: Estimated Cost | X8: Estimated Cost | Y8: Estimated Cost | Z8: Estimated Cost
A9: I Specialized Equipment | B9: USD | G9: 1.3229645e+08 | H9: 1.3053664e+08 | I9: 1.2833632e+08 | J9: 1.2663711e+08 | K9: 1.1503706e+08 | L9: 1.1326368e+08 | M9: 3.2453468e+08 | N9: 3.2923446e+08 | O9: 2.9742085e+08 | P9: 2.9431682e+08 | Q9: 2.9377671e+08 | R9: 2.904124e+08 | S9: 2.1204743e+08 | T9: 2.1027375e+08 | U9: 2.3845568e+08 | V9: 2.3669562e+08 | W9: 1.8674472e+08 | X9: 1.8371307e+08 | Y9: 1.4312384e+08 | Z9: 1.4051599e+08
A10: II Other Equipment | B10: USD | G10: 7865263.5 | H10: 7170273.3 | I10: 8164695 | J10: 7449537.4 | K10: 13812727 | L10: 5679947.5 | M10: 10337335 | N10: 11384919 | O10: 9849616.1 | P10: 8917720.7 | Q10: 10786159 | R10: 10239612 | S10: 26446050 | T10: 18490216 | U10: 24387474 | V10: 23849734 | W10: 4729133.5 | X10: 3951880.5 | Y10: 3722810.6 | Z10: 3040401.9
A11: III Civil | B11: USD | G11: 21714796 | H11: 19863542 | I11: 22078782 | J11: 20204702 | K11: 18315486 | L11: 14117100 | M11: 33185122 | N11: 35630554 | O11: 25873035 | P11: 24130555 | Q11: 30696313 | R11: 28226093 | S11: 37585620 | T11: 32970252 | U11: 45357510 | V11: 43499877 | W11: 19714031 | X11: 17421233 | Y11: 17196812 | Z11: 15259953
A12: IV Mechanical | B12: USD | G12: 21283729 | H12: 19552066 | I12: 21711403 | J12: 19979395 | K12: 15403159 | L12: 11480960 | M12: 33254300 | N12: 35771724 | O12: 22809356 | P12: 21206631 | Q12: 27402313 | R12: 24971604 | S12: 45509562 | T12: 40817779 | U12: 63834551 | V12: 61641233 | W12: 35042333 | X12: 33293724 | Y12: 29195940 | Z12: 27637891
A13: V Electrical Assembly & Wiring | B13: USD | G13: 9431816.4 | H13: 8998593.6 | I13: 9518269.4 | J13: 9079220.3 | K13: 6188561.9 | L13: 5243275 | M13: 20242173 | N13: 22420283 | O13: 11844900 | P13: 10835291 | Q13: 21190555 | R13: 20544919 | S13: 13291528 | T13: 12030592 | U13: 21497545 | V13: 20960638 | W13: 14262806 | X13: 13623152 | Y13: 10429720 | Z13: 9935890.4
A14: VI Buildings & Structures | B14: USD | G14: 3678318.1 | H14: 3678318.1 | I14: 3699449.8 | J14: 3699449.8 | K14: 3711241.1 | L14: 3413565.3 | M14: 3762574.7 | N14: 3762574.7 | O14: 3503552.4 | P14: 3503552.4 | Q14: 3720587.6 | R14: 3720587.6 | S14: 4070996.1 | T14: 3815128.1 | U14: 6916250.7 | V14: 6916250.7 | W14: 3336693.1 | X14: 3336693.1 | Y14: 15625332 | Z14: 15625332
A15: VII Engineering & Plant Startup | B15: USD | G15: 13722054 | H15: 13587684 | I15: 14081833 | J15: 13943867 | K15: 11759838 | L15: 11644470 | M15: 14527924 | N15: 14671892 | O15: 11835958 | P15: 11720072 | Q15: 14217732 | R15: 14078261 | S15: 37377281 | T15: 37028165 | U15: 41779268 | V15: 41479177 | W15: 10639666 | X15: 10534066 | Y15: 9922759.9 | Z15: 9824713.1
A16: Gasification Plant | B16: USD | G16: 0 | H16: 0 | I16: 0 | J16: 0 | K16: 0 | L16: 0 | M16: 0 | N16: 0 | O16: 0 | P16: 0 | Q16: 0 | R16: 0 | S16: 0 | T16: 0 | U16: 0 | V16: 0 | W16: 0 | X16: 0 | Y16: 0 | Z16: 0
A17: Desalination Plant | B17: USD | G17: 0 | H17: 0 | I17: 0 | J17: 0 | K17: 0 | L17: 0 | M17: 0 | N17: 0 | O17: 0 | P17: 0 | Q17: 0 | R17: 0 | S17: 0 | T17: 0 | U17: 0 | V17: 0 | W17: 0 | X17: 0 | Y17: 0 | Z17: 0
A18: CO2 Capture Plant | B18: USD | G18: 0 | H18: 0 | I18: 0 | J18: 0 | K18: 0 | L18: 0 | M18: 0 | N18: 0 | O18: 0 | P18: 0 | Q18: 0 | R18: 0 | S18: 0 | T18: 0 | U18: 0 | V18: 0 | W18: 0 | X18: 0 | Y18: 0 | Z18: 0
A19: Subtotal - Contractor's Internal Cost | B19: USD | G19: 2.0999243e+08 | H19: 2.0338712e+08 | I19: 2.0759075e+08 | J19: 2.0099329e+08 | K19: 1.8422807e+08 | L19: 1.64843e+08 | M19: 4.398441e+08 | N19: 4.5287641e+08 | O19: 3.8313727e+08 | P19: 3.7463064e+08 | Q19: 4.0179037e+08 | R19: 3.9219348e+08 | S19: 3.7632847e+08 | T19: 3.5542588e+08 | U19: 4.4222828e+08 | V19: 4.3504253e+08 | W19: 2.7446938e+08 | X19: 2.6587382e+08 | Y19: 2.2921722e+08 | Z19: 2.2184017e+08
A20: VIII Contractor's Soft & Miscellaneous Costs | B20: USD | G20: 97055871 | H20: 92699497 | I20: 96768867 | J20: 92396495 | K20: 81974137 | L20: 70611973 | M20: 1.9039443e+08 | N20: 1.9831772e+08 | O20: 1.5704262e+08 | P20: 1.5195199e+08 | Q20: 1.7120174e+08 | R20: 1.6514267e+08 | S20: 1.7650856e+08 | T20: 1.6378411e+08 | U20: 2.1796632e+08 | V20: 2.1312241e+08 | W20: 1.2676329e+08 | X20: 1.212329e+08 | Y20: 1.0287068e+08 | Z20: 98188902
... A28: Cost per kW - Owner's | B28: USD per kW | G28: 1142.92 | H28: 1102.1175 | I28: 1111.4626 | J28: 1071.4028 | K28: 1309.1534 | L28: 1157.6639 | M28: 2105.0725 | N28: 2175.0667 | O28: 2597.7927 | P28: 2532.3538 | Q28: 2042.8541 | R28: 1987.0089 | S28: 1802.5146 | T28: 1692.5788 | U28: 1713.6798 | V28: 1682.437 | W28: 2073.4002 | X28: 2000.4032 | Y28: 1939.9086 | Z28: 1869.4663
A30: Contractor's soft cost override, USD/kW | B30: USD/kW | C30: Thermoflow values applied are inconsistent across the page for similarly sized and risky projects. Considered not suitable for comparison across technologies. Applied: USD250/kW for SCGT and recips and USD350/kW for CCGT (additional complexity and risk) | G30: 250 | H30: 250 | I30: 250 | J30: 250 | K30: 250 | L30: 250 | M30: 250 | N30: 250 | O30: 250 | P30: 250 | Q30: 250 | R30: 250 | S30: 350 | T30: 350 | U30: 350 | V30: 350 | W30: 250 | X30: 250 | Y30: 250 | Z30: 250
A31: - value applied | B31: USD | G31: =G30*G54 -> 85297250 | H31: =H30*H54 -> 85297250 | I31: =I30*I54 -> 86943250 | J31: =J30*J54 -> 86943250 | K31: =K30*K54 -> 64560250 | L31: =L30*L54 -> 64575750 | M31: =M30*M54 -> 95056500 | N31: =N30*N54 -> 95056500 | ... Z31: =Z30*Z54 -> 54352000
A32: EPC cost (Contractor's price). Excludes owners costs and connections etc, overnight | C32: USD | G32: =G19+G31 -> 2.9528968e+08 | H32: =H19+H31 -> 2.8868437e+08 | I32: =I19+I31 -> 2.94534e+08 | J32: =J19+J31 -> 2.8793654e+08 | K32: =K19+K31 -> 2.4878832e+08 | L32: =L19+L31 -> 2.2941875e+08 | M32: =M19+M31 -> 5.349006e+08 | N32: =N19+N31 -> 5.4793291e+08 | ... Z32: =Z19+Z31 -> 2.7619217e+08
A33: Owner's cost | C33: USD | G33: =G32*OwnersCostPerc_ThermalPlant -> 35434761 | H33: =H32*OwnersCostPerc_ThermalPlant -> 34642124 | I33: =I32*OwnersCostPerc_ThermalPlant -> 35344081 | J33: =J32*OwnersCostPerc_ThermalPlant -> 34552384 | K33: =K32*OwnersCostPerc_ThermalPlant -> 29854598 | L33: =L32*OwnersCostPerc_ThermalPlant -> 27530250 | M33: =M32*OwnersCostPerc_ThermalPlant -> 64188072 | N33: =N32*OwnersCostPerc_ThermalPlant -> 65751949 | ... Z33: =Z32*OwnersCostPerc_ThermalPlant -> 33143060
A34: Total powerplant | C34: USD | G34: =G32+G33 -> 3.3072444e+08 | H34: =H32+H33 -> 3.2332649e+08 | I34: =I32+I33 -> 3.2987809e+08 | J34: =J32+J33 -> 3.2248892e+08 | K34: =K32+K33 -> 2.7864292e+08 | L34: =L32+L33 -> 2.56949e+08 | M34: =M32+M33 -> 5.9908868e+08 | N34: =N32+N33 -> 6.1368485e+08 | ... Z34: =Z32+Z33 -> 3.0933523e+08
A36: Hours | G36: 289323.07 | H36: 265910.87 | I36: 293214.76 | J36: 269613.66 | K36: 223981.77 | L36: 170040.47 | M36: 492918.2 | N36: 531601.93 | O36: 343577.8 | P36: 319027.4 | Q36: 419198.96 | R36: 388004.36 | S36: 547203.07 | T36: 484381.48 | U36: 744803.2 | V36: 717933 | W36: 391111.94 | X36: 361874.32 | Y36: 308344.95 | Z36: 283929.93
C37: Indicative % of installation cost that is labour | G37: =G36*G40/SUM(G11:G15) -> 0.29831087 | H37: =H36*H40/SUM(H11:H15) -> 0.29149701 | I37: =I36*I40/SUM(I11:I15) -> 0.29696921 | J37: =J36*J40/SUM(J11:J15) -> 0.2901384 | K37: =K36*K40/SUM(K11:K15) -> 0.29120958 | L37: =L36*L40/SUM(L11:L15) -> 0.26673381 | M37: =M36*M40/SUM(M11:M15) -> 0.33809091 | N37: =N36*N40/SUM(N11:N15) -> 0.34096163 | ... Z37: =Z36*Z40/SUM(Z11:Z15) -> 0.26113909
A38: Effective Labor Rates: | B38: Cost per Hour
A39: Civil Account | G39: 65.028732 | H39: 65.031725 | I39: 65.026473 | J39: 65.029221 | K39: 65.031421 | L39: 65.036355 | M39: 65.025132 | N39: 65.023317 | O39: 65.026251 | P39: 65.028255 | Q39: 65.033297 | R39: 65.036462 | S39: 65.021093 | T39: 65.021979 | U39: 65.016556 | V39: 65.017311 | W39: 65.033225 | X39: 65.037654 | Y39: 65.032166 | Z39: 65.03641
A40: Mechanical Account | G40: 72 | H40: 72 | I40: 72 | J40: 72 | K40: 72 | L40: 72 | M40: 72 | N40: 72 | O40: 72 | P40: 72 | Q40: 72 | R40: 72 | S40: 72 | T40: 72 | U40: 72 | V40: 72 | W40: 72 | X40: 72 | Y40: 72 | Z40: 72
A41: Electrical Account | G41: 74 | H41: 74 | I41: 74 | J41: 74 | K41: 74 | L41: 74 | M41: 74 | N41: 74 | O41: 74 | P41: 74 | Q41: 74 | R41: 74 | S41: 74 | T41: 74 | U41: 74 | V41: 74 | W41: 74 | X41: 74 | Y41: 74 | Z41: 74
A47: Site ambient conditions: 1.001 bar, 41 C, 20% Rel. Hum. (22.62 C WB), line frequency 50 Hz. Performance on nat gas uno
A48: TECHNICAL: | G48: SCGT | H48: SCGT | I48: SCGT | J48: SCGT | K48: SCGT | L48: SCGT | M48: SCGT | N48: SCGT | O48: SCGT | P48: SCGT | Q48: SCGT | R48: SCGT | S48: CCGT | T48: CCGT | U48: CCGT | V48: CCGT | W48: RECIP | X48: RECIP | Y48: RECIP | Z48: RECIP
G49: GT13E2 | H49: GT13E2 | I49: SGT5-2000E | J49: SGT5-2000E | K49: 1x9FA | L49: 1x9FA | M49: LM2500 | N49: LM2500 | O49: LM6000 | P49: LM6000 | Q49: LMS100 | R49: LMS100 | S49: 9FA | T49: 9FA | U49: GT13E2 | V49: GT13E2 | W49: Jenbacher | X49: Jenbacher | Y49: Wartsila | Z49: Wartsila
G50: DF | H50: GasOnly | I50: DF | J50: GasOnly | K50: DF | L50: GasOnly | M50: GasOnly | N50: DF | O50: DF | P50: GasOnly | Q50: DF | R50: GasOnly | S50: DF | T50: GasOnly | U50: DF | V50: GasOnly | W50: DF | X50: GasOnly | Y50: DF | Z50: GasOnly
A51: Config | G51: 2 GE GT13E2 | H51: 2 GE GT13E2 | I51: 2 SGT5-2000E | J51: 2 SGT5-2000E | K51: One GE 9FA.04 | L51: One GE 9FA.04 | M51: 12 GE LM2500-G4 | N51: 12 GE LM2500-G4 | O51: 6 GE LM6KPFSPT | P51: 6 GE LM6KPFSPT | Q51: 4 GE LMS100PB | R51: 4 GE LMS100PB | S51: One GE 9FA.04 | T51: One GE 9FA.04 | U51: 2 GE GT13E2 | V51: 2 GE GT13E2 | W51: 24 INNIO J920 | X51: 24 INNIO J920 | Y51: 12 WRT 18V50SG | Z51: 12 WRT 18V50SG
A52: Tflow model | G52: 509 | H52: 509 | I52: 745 | J52: 745 | K52: 785 | L52: 785 | M52: 833 | N52: 833 | O52: 799 | P52: 799 | Q52: 439 | R52: 439 | S52: 785 | T52: 785 | U52: 509 | V52: 509 | W52: 640 | X52: 640 | Y52: 468 | Z52: 468
A53: Gross kW | G53: 346217 | H53: 346217 | I53: 352954 | J53: 352954 | K53: 261961 | L53: 261961 | M53: 386282 | N53: 386282 | O53: 268351 | P53: 268351 | Q53: 367370 | R53: 367370 | S53: 399231 | T53: 399231 | U53: 500635 | V53: 500635 | W53: 249290 | X53: 249290 | Y53: 220528 | Z53: 220528
A54: Net kW | G54: 341189 | H54: 341189 | I54: 347773 | J54: 347773 | K54: 258241 | L54: 258303 | M54: 380226 | N54: 380226 | O54: 264081 | P54: 264086 | Q54: 356217 | R54: 356222 | S54: 389513 | T54: 389581 | U54: 489267 | V54: 489272 | W54: 245763 | X54: 245763 | Y54: 217408 | Z54: 217408
A55: Net HR LHV MJ/MWh | G55: 9771 | H55: 9771 | I55: 10057 | J55: 10057 | K55: 9610 | L55: 9608 | M55: 9392 | N55: 9392 | O55: 8980 | P55: 8980 | Q55: 8720 | R55: 8720 | S55: 6319 | T55: 6318 | U55: 6818 | V55: 6818 | W55: 7836 | X55: 7836 | Y55: 7868 | Z55: 7868
A56: Gas pressure at skid, Bara | G56: 26.6 | H56: 26.6 | I56: 20.75 | J56: 20.75 | K56: 28.37 | L56: 28.37 | M56: 37.61 | N56: 37.61 | O56: 50.91 | P56: 50.91 | Q56: 60.21 | R56: 60.21 | S56: 28.37 | T56: 28.37 | U56: 26.6 | V56: 26.6 | W56: 11.35 | X56: 11.35 | Y56: 6.993 | Z56: 6.993
A57: Water (kg/s):
A58: - Fogger | G58: 6.575 | H58: 6.575 | I58: 6.565 | J58: 6.565 | K58: 3.899 | L58: 3.899 | M58: 6.601 | N58: 6.601 | O58: 4.687 | P58: 4.687 | Q58: 5.249 | R58: 5.249 | S58: 3.899 | T58: 3.899 | U58: 6.575 | V58: 6.575 | W58: 0 | X58: 0 | Y58: 0 | Z58: 0
A59: - GT injection or ext cooling | G59: 0 | H59: 0 | I59: 0 | J59: 0 | K59: 0 | L59: 0 | M59: 0 | N59: 0 | O59: 8.038 | P59: 8.038 | Q59: 0 | R59: 0
A60: - Steam cycle (note zero blowdown in model) | G60: 0 | H60: 0 | I60: 0 | J60: 0 | K60: 0 | L60: 0 | M60: 0 | N60: 0 | O60: 0 | P60: 0 | Q60: 0 | R60: 0 | S60: 0.0285 | T60: 0.0285 | U60: 0.0149 | V60: 0.0149 | W60: 0 | X60: 0 | Y60: 0 | Z60: 0
A61: - Cooling tower | G61: 0 | H61: 0 | I61: 0 | J61: 0 | K61: 0 | L61: 0 | M61: 0 | N61: 0 | O61: 0 | P61: 0 | Q61: 0 | R61: 0 | S61: 127.4 | T61: 127.4 | U61: 174.3 | V61: 174.3 | W61: 0 | X61: 0 | Y61: 0 | Z61: 0
A62: Site (incl switchyard):
A63: - Area, Ha | G63: 2.69 | H63: 2.278 | I63: 2.604 | J63: 2.201 | K63: 2.446 | L63: 1.815 | M63: 3.849 | N63: 4.568 | O63: 3.233 | P63: 2.751 | Q63: 5.7 | R63: 4.826 | S63: 3.96 | T63: 3.084 | U63: 4.11 | V63: 3.643 | W63: 3.068 | X63: 2.45 | Y63: 2.517 | Z63: 2.05
A64: - Lx m | G64: 188 | H64: 159 | I64: 188 | J64: 159 | K64: 183 | L64: 151 | M64: 157 | N64: 187 | O64: 179 | P64: 152 | Q64: 185 | R64: 157 | S64: 265 | T64: 234 | U64: 253 | V64: 224 | W64: 149 | X64: 119 | Y64: 157 | Z64: 128
A65: - Ly m | G65: 143 | H65: 143 | I65: 138 | J65: 138 | K65: 133 | L65: 120 | M65: 244 | N65: 244 | O65: 181 | P65: 181 | Q65: 308 | R65: 308 | S65: 149 | T65: 132 | U65: 163 | V65: 163 | W65: 206 | X65: 206 | Y65: 160 | Z65: 160

Sheet Rawlinsons
A1: Factors extracted from Rawlinson's Australian Cost Handbook, 2026 ed
A3: Factors extracted to evaluate locational cost relativities between 'near Melbourne' - the reference location for IASR/GenCost, and 'near Perth'
A4: Costs are Q2 2026 uno
A6: Regional indices (re Perth = 100)
A7: Location | B7: Index | C7: Approx Distance from Perth CBD (km) | G7: Site | H7: Selected location | I7: Regional factor adopted | J7: These are costs at regional location re Perth = 100
A8: Perth | B8: 100 | C8: 0 | G8: Three Springs | H8: Moora | I8: =VLOOKUP(H8,$A$8:$B$28,2,FALSE) -> 125
A9: Perth CBD | B9: 103 | C9: 0 | G9: Eneabba | H9: Jurien Bay | I9: =VLOOKUP(H9,$A$8:$B$28,2,FALSE) -> 120
A10: Yanchep | B10: 105 | C10: 55 | G10: Badgingarra | H10: Jurien Bay | I10: =VLOOKUP(H10,$A$8:$B$28,2,FALSE) -> 120
A11: Mandurah | B11: 100 | C11: 75 | G11: Cataby | H11: Jurien Bay | I11: =VLOOKUP(H11,$A$8:$B$28,2,FALSE) -> 120
A12: Pinjarra | B12: 110 | C12: 85 | G12: Gingin | H12: Yanchep | I12: =VLOOKUP(H12,$A$8:$B$28,2,FALSE) -> 105
A13: Toodyay | B13: 115 | C13: 85 | G13: Muchea | H13: Yanchep | I13: =VLOOKUP(H13,$A$8:$B$28,2,FALSE) -> 105
A14: Northam | B14: 110 | C14: 100 | G14: Pinjar | H14: Yanchep | I14: =VLOOKUP(H14,$A$8:$B$28,2,FALSE) -> 105
A15: York | B15: 110 | C15: 100 | G15: Neerabup | H15: Yanchep | I15: =VLOOKUP(H15,$A$8:$B$28,2,FALSE) -> 105
A16: Harvey | B16: 110 | C16: 140 | G16: Average | I16: =AVERAGE(I8:I15) -> 113.125
A17: Bunbury | B17: 105 | C17: 175
A18: Moora | B18: 125 | C18: 180
A19: Wongan Hills | B19: 125 | C19: 185 | G19: Perth factor - labour | H19: =J65 -> 1.0544747 | J19: Costs at Perth re Mebourne environs = 100
A20: Narrogin | B20: 120 | C20: 190 | G20: Perth factor - other | H20: =1 -> 1 | J20: Costs at Perth re Mebourne environs = 100
A21: Collie | B21: 115 | C21: 210
A22: Jurien Bay | B22: 120 | C22: 220
A23: Dalwallinu | B23: 125 | C23: 250
A24: Merredin | B24: 120 | C24: 260
A25: Bridgetown | B25: 115 | C25: 270
A26: Margaret River | B26: 125 | C26: 275
A27: Katanning | B27: 125 | C27: 280
A28: Manjimup | B28: 120 | C28: 310
A30: Factories (buildings), large span, heavy industries, tilt-up
C31: Melbourne | D31: Perth | E31: Factor
A32: Range min | B32: $/m2 | C32: 1535 | D32: 1780
A33: Range max | B33: $/m2 | C33: 1655 | D33: 1915
A34: Mid (calc.) | B34: $/m2 | C34: =(C32+C33)/2 -> 1595 | D34: =(D32+D33)/2 -> 1847.5 | E34: =D34/C34 -> 1.1583072
A37: Raft foundations, 25MPa incl reinforement
C38: Melbourne | D38: Perth | E38: Factor
A39: Value | B39: $/m3 | C39: 1260 | D39: 1290 | E39: =D39/C39 -> 1.0238095
A42: Structural steelwork (250 UC 89.5, plain steel, supply and erect)
C43: Melbourne | D43: Perth | E43: Factor
A44: Value | B44: $/m2 | C44: 920 | D44: 890 | E44: =D44/C44 -> 0.9673913
A46: Labour (Average contract charge out rates)
A47: $/h
B48: Melbourne | F48: Perth
A49: Trade | B49: Range Min | C49: Range Max | D49: Mid(calc.) | F49: Range Min | G49: Range Max | H49: Mid(calc.) | J49: Factor
A50: Bricklayer | B50: 116 | C50: 125 | D50: 120.5 | F50: 116 | G50: 120 | H50: 118 | J50: =H50/D50 -> 0.97925311
A51: Carpenter/Joiner | B51: 116 | C51: 125 | D51: 120.5 | F51: 117 | G51: 122 | H51: 119.5 | J51: =H51/D51 -> 0.99170124
A52: Painter/Glazier | B52: 114.5 | C52: 124 | D52: 119.25 | F52: 107 | G52: 110 | H52: 108.5 | J52: =H52/D52 -> 0.90985325
A53: Plasterer | B53: 116 | C53: 125 | D53: 120.5 | F53: 111 | G53: 115 | H53: 113 | J53: =H53/D53 -> 0.93775934
A54: Plumber/Drainer | B54: 124 | C54: 130 | D54: 127 | F54: 132.5 | G54: 136.5 | H54: 134.5 | J54: =H54/D54 -> 1.0590551
A55: Labourer Group 1 | B55: 116 | C55: 125 | D55: 120.5 | F55: 109 | G55: 113 | H55: 111 | J55: =H55/D55 -> 0.92116183
A56: Labourer Group 2 | B56: 114.5 | C56: 124 | D56: 119.25 | F56: 107 | G56: 111 | H56: 109 | J56: =H56/D56 -> 0.91404612
A57: Labourer Group 3 | B57: 113 | C57: 121.5 | D57: 117.25 | F57: 107 | G57: 111 | H57: 109 | J57: =H57/D57 -> 0.92963753
A58: Labourer Group 4 | B58: 111 | C58: 118.5 | D58: 114.75 | F58: 102.5 | G58: 110 | H58: 106.25 | J58: =H58/D58 -> 0.92592593
A59: Refrigeration Fitter | B59: 117.5 | C59: 125.5 | D59: 121.5 | F59: 129.5 | G59: 133.5 | H59: 131.5 | J59: =H59/D59 -> 1.0823045
A60: Sheet Metalworker Class 1 | B60: 114.5 | C60: 124.5 | D60: 119.5 | F60: 124.5 | G60: 131.5 | H60: 128 | J60: =H60/D60 -> 1.0711297
A61: Sheet Metalworker Class 2 | B61: 109 | C61: 114 | D61: 111.5 | F61: 124.5 | G61: 131.5 | H61: 128 | J61: =H61/D61 -> 1.1479821
... A65: Electrical Installer | B65: 125.5 | C65: 131.5 | D65: 128.5 | F65: 129.5 | G65: 141.5 | H65: 135.5 | J65: =H65/D65 -> 1.0544747

Sheet Land cost
A1: Landgate for ERA
A2: 45989
I3: Location | J3: Land Area (Hectares) | K3: Rate per Hectare | L3: Assessed Value (Rounded)
I4: Three Springs | J4: 7.3 | K4: 20000 | L4: 145000
I5: Eneabba | J5: 7.3 | K5: 40000 | L5: 290000
I6: Badgingarra | J6: 7.3 | K6: 40000 | L6: 290000
I7: Cataby | J7: 7.3 | K7: 40000 | L7: 290000
I8: Gingin | J8: 7.3 | K8: 100000 | L8: 730000
I9: Muchea | J9: 7.3 | K9: 1300000 | L9: 9490000
I10: Pinjar | J10: 7.3 | K10: 1250000 | L10: 9125000
I11: Neerabup | J11: 7.3 | K11: 1500000 | L11: 10950000
I12: Average | J12: =AVERAGE(J4:J11) -> 7.3 | K12: =AVERAGE(K4:K11) -> 536250 | L12: =AVERAGE(L4:L11) -> 3913750
